Cogmind - Beta 15 @@@ ROGUE MODE // 2025.06.30 @ 22:23:53 Player: Cogchaaaan Result: Establishing 0b11! Performance ------------- Evolutions (9) 4500 Regions Visited (35) 7000 Robots Destroyed (373) 1865 Value Destroyed (18327) 18327 Prototype IDs (371) 7420 Alien Tech Used (7) 1400 Bonus (54687) 54687 TOTAL SCORE: 95199 Bonus ------- Triggered High Security 500 High Alert Combat Kills 10915 Follower Combat Kills 482 Registered with UFD 300 Met Optimus in HQ 500 Met Imprinter 300 Met Zhirov 300 Met Warlord at Base 500 MAIN.C Attacked Warlord 500 Warlord Defense Kills 1952 Destroyed Superfortress 15000 Met Optimus at Protoforge 1000 Destroyed MAIN.C Guards 500 Met MAIN.C 5000 Destroyed MAIN.C Shell 5000 Destroyed MAIN.C 10000 Met Architect 300 Destroyed A8 300 Destroyed A6 400 Win 3000 Friendly Fire -2062 Cogmind --------- Core Integrity 98/1600 Matter 57/300 Energy 238/240 System Corruption 10% Temperature Cool (4) Movement Hovering (77) Location 0b11 Command Parts ------- > --- POWER (3) -------- Zero-point Reactor > --- PROPULSION (8) --- Combat Antigrav System Combat Antigrav System > --- UTILITY (11) ----- Concept Thermoelectric Network Experimental Targeting Computer Experimental Targeting Computer Experimental Core Analyzer Centrium Medium Armor Plating Graphene Brace > --- WEAPON (3) ------- (None) > --- INVENTORY (5) ---- Concept Cloak Mesh Layered Heavy Armor Plating Layered Heavy Armor Plating Peak State ------------ > --- POWER ------------ Light Antimatter Reactor Hybrid Graviton Reactor Concept Zero-point Core > --- PROPULSION ------- Experimental Antigrav System Experimental Antigrav System Experimental Antigrav System Gravjet Array Gravjet Array Concept Combat Aerolev Unit > --- UTILITY ---------- Concept Thermoelectric Network Concept Antigrav Storage Unit Experimental Optical Array Experimental Targeting Computer Experimental Core Analyzer Mini Quantum Capacitor Experimental Reaction Control System Concept Cloak Mesh Centrium Heavy Armor Plating Concept Energy Mantle > --- WEAPON ----------- Concept Plasma Driver Hypervelocity Multirail Concept Arcsight Missile Launcher > --- INVENTORY -------- Hybrid Graviton Reactor Concept Zero-point Core Concept Zero-point Core Combat Antigrav System Experimental Antigrav System Gravjet Array Gravjet Array Concept Chromion Battery Concept NT7 Matterbank Experimental Core Analyzer Improved Armor Integrity Analyzer Concept Core Shell Concept RG22 Armor Concept Antimissile System Concept Matter Streamer Transdimensional Reconstructor Null Cannon Concept Plasma Driver Concept XC Strikerail Concept XC Strikerail Concept XC Strikerail Concept XC Strikerail [Rating: 289] Favorites ----------- Power Improved Ion Engine Engine Improved Ion Engine Power Core Light Fission Core Reactor Hybrid Graviton Reactor Propulsion Light Treads Treads Light Treads Leg Aluminum Leg Wheel Armored Wheel Hover Unit Cooled Antigrav System Flight Unit Nuclear Pulse Thruster Utility Experimental Core Analyzer Device Structural Scanner Storage Medium Storage Unit Processor Experimental Core Analyzer Hackware Advanced Hacking Suite Protection Hardened Medium Armor Plating Weapon Improved Assault Rifle Energy Gun Warp Gun Energy Cannon Concept Plasma Driver Ballistic Gun Improved Assault Rifle Ballistic Cannon Compact Linear Accelerator Launcher Concept Arcsight Missile Launcher Special Weapon Improved Plasma Cutter Slashing Weapon Power Sword Piercing Weapon Lance Build | -11 -10 -10 -9 -9 -9 -9 -6 -6 -6 -6 -6 -6 -5 -5 -5 -5 -5 -5 -5 -4 -4 -4 -4 -4 -4 -4 -3 -3 -3 -2 -2 -2 -1 -1 -1 ------- Run | Yrd Mat Min Mat Sto Rec Scr Fac Was Fac Low Low Zio Pro Fac Was Fac Upp Upp Zhi Pro Fac Was Fac Upp Upp War Pro Res Tes Res Qua Frg Acc Com Ac0 Slots Evolved 18 | . . . 2 . . . 6 . . . . . . 2 . . . . . . 2 . . . . . . 2 . 2 . . 2 . . Power 2 | . . . . . . . . . . . . . . . . . . . . . . . . . . . . 1 . . . . 1 . . Propulsion 6 | . . . 1 . . . 2 . . . . . . 1 . . . . . . . . . . . . . 1 . 1 . . . . . Utility 9 | . . . . . . . 4 . . . . . . 1 . . . . . . 2 . . . . . . . . 1 . . 1 . . Weapon 1 | . . . 1 . . . . . . . . . . . . . . . . . . . . . . . . . . . . . . . . Parts Attached 243 | 7 5 9 17 5 . 10 14 1 5 1 2 . . 3 2 6 2 . 4 . 2 . 6 . 1 12 1 4 6 3 3 58 4 31 19 Power 22 | 1 1 1 . . . 2 . . 1 . 1 . . . . 1 . . . . . . . . . . . . 1 1 1 5 1 2 3 Engine 5 | 1 1 1 . . . 1 . . 1 . . . . . . . . . . . . . . . . . . . . . . . . . . Core 6 | . . . . . . 1 . . . . 1 . . . . 1 . . . . . . . . . . . . . . . 1 . 1 1 Reactor 11 | . . . . . . . . . . . . . . . . . . . . . . . . . . . . . 1 1 1 4 1 1 2 Propulsion 78 | 2 2 1 10 1 . 5 6 . 2 1 . . . 1 1 3 . . 1 . . . 3 . . 2 . 3 . 1 . 18 . 6 9 Treads 16 | . 2 1 9 1 . 3 . . . . . . . . . . . . . . . . . . . . . . . . . . . . . Leg 2 | 2 . . . . . . . . . . . . . . . . . . . . . . . . . . . . . . . . . . . Wheel 2 | . . . . . . 2 . . . . . . . . . . . . . . . . . . . . . . . . . . . . . Hover 22 | . . . . . . . . . . . . . . . . . . . . . . . . . . . . . . . . 7 . 6 9 Flight 36 | . . . 1 . . . 6 . 2 1 . . . 1 1 3 . . 1 . . . 3 . . 2 . 3 . 1 . 11 . . . Utility 96 | 2 2 3 2 . . 2 6 1 2 . 1 . . 2 . . 1 . 3 . 2 . 2 . 1 7 1 1 1 1 1 25 3 19 5 Device 34 | 1 . 1 . . . . 2 . . . 1 . . 1 . . . . 1 . . . 1 . . 4 1 . 1 1 1 6 3 8 1 Storage 11 | 1 1 . 2 . . 1 . . . . . . . . . . . . 1 . 1 . . . . 1 . . . . . 3 . . . Processor 21 | . . . . . . . 3 . 1 . . . . 1 . . . . . . . . . . . 1 . . . . . 7 . 7 1 Hackware 6 | . . . . . . . . 1 . . . . . . . . 1 . . . 1 . 1 . 1 . . 1 . . . . . . . Protection 24 | . 1 2 . . . 1 1 . 1 . . . . . . . . . 1 . . . . . . 1 . . . . . 9 . 4 3 Artifact . | . . . . . . . . . . . . . . . . . . . . . . . . . . . . . . . . . . . . Weapon 47 | 2 . 4 5 4 . 1 2 . . . . . . . 1 2 1 . . . . . 1 . . 3 . . 4 . 1 10 . 4 2 Energy Gun 1 | . . . . . . . . . . . . . . . . . . . . . . . . . . . . . 1 . . . . . . Energy Cannon 8 | . . . . . . . 1 . . . . . . . . . . . . . . . 1 . . 1 . . 2 . . 1 . . 2 Ballistic Gun 17 | 2 . 3 4 3 . . . . . . . . . . . . . . . . . . . . . . . . 1 . . 1 . 3 . Ballistic Cannon 2 | . . . . . . . . . . . . . . . . . . . . . . . . . . . . . . . . 2 . . . Launcher 7 | . . 1 . . . . . . . . . . . . . 1 1 . . . . . . . . 1 . . . . . 2 . 1 . Special Weapon 3 | . . . . 1 . 1 . . . . . . . . 1 . . . . . . . . . . . . . . . . . . . . Impact Weapon . | . . . . . . . . . . . . . . . . . . . . . . . . . . . . . . . . . . . . Slashing Weapon 4 | . . . 1 . . . 1 . . . . . . . . . . . . . . . . . . 1 . . . . 1 . . . . Piercing Weapon 5 | . . . . . . . . . . . . . . . . 1 . . . . . . . . . . . . . . . 4 . . . Special Melee Weapon . | . . . . . . . . . . . . . . . . . . . . . . . . . . . . . . . . . . . . Unidentified Prototypes 41 | . . . 2 . . 1 1 . 2 . . . . . . . . . 4 . . . . . . 6 . 2 4 . 4 13 . 2 . Parts Lost 63 | . . 1 . . . . . . 1 . . . . . . 1 . . . . . . . . . 1 1 . 3 1 . 18 1 10 25 Power 11 | . . . . . . . . . . . . . . . . . . . . . . . . . . . . . 2 . . 3 . 2 4 Propulsion 22 | . . . . . . . . . . . . . . . . 1 . . . . . . . . . 1 . . . . . 7 . 3 10 Utility 22 | . . 1 . . . . . . . . . . . . . . . . . . . . . . . . 1 . 1 1 . 7 . 5 6 Weapon 8 | . . . . . . . . . 1 . . . . . . . . . . . . . . . . . . . . . . 1 1 . 5 Highest Loss Streak 12 | . . 1 . . . . . . 1 . . . . . . 1 . . . . . . . . . 1 1 . 2 1 . 12 1 7 10 To Critical Strikes 1 | . . . . . . . . . . . . . . . . . . . . . . . . . . . . . . . . 1 . . . Average Backups 15 | 2 7 9 14 19 23 19 10 10 9 9 9 10 9 9 9 8 9 9 9 8 8 10 12 13 13 13 13 12 13 11 13 19 22 19 17 Power 1 | . 1 1 1 1 2 1 1 1 1 2 2 2 2 1 1 . 1 1 1 1 1 1 1 1 1 1 1 . . . 1 3 3 2 1 Propulsion 3 | 1 3 4 4 6 7 5 1 2 2 3 3 3 3 1 2 1 2 2 1 1 1 1 2 2 2 2 2 1 2 1 2 1 4 3 2 Utility 5 | . 1 2 4 6 7 8 3 4 2 2 2 2 2 3 4 4 4 3 3 3 3 5 5 5 5 6 5 5 5 4 3 8 7 5 9 Weapon 3 | . 1 2 4 5 5 2 2 2 1 1 1 2 1 1 2 1 2 2 2 1 1 . 2 3 3 3 3 4 3 4 3 5 6 6 2 Tool/Special . | . . . . . . . . . . . . . . . . . . . . . . . . . . . . . . . . . . . . Unused Backups 37 | . . 2 4 2 . 4 4 . 1 . . . . 1 . . . 1 . . . . . . . 3 . . . . . 7 1 3 4 Power 3 | . . 1 . . . . 1 . . . . . . . . . . . . . . . . . . . . . . . . 1 . . . Propulsion 8 | . . . 1 . . 1 . . . . . . . . . . . . . . . . . . . 2 . . . . . 2 . 2 . Utility 14 | . . . . . . . 2 . 1 . . . . 1 . . . 1 . . . . . . . 1 . . . . . 2 1 1 4 Weapon 12 | . . 1 3 2 . 3 1 . . . . . . . . . . . . . . . . . . . . . . . . 2 . . . Tool/Special . | . . . . . . . . . . . . . . . . . . . . . . . . . . . . . . . . . . . . Average Slot Usage (%) 88 | . 98 99 99 100 100 78 83 86 86 86 86 86 86 88 90 91 82 78 78 82 80 79 81 78 82 84 84 84 88 84 84 78 83 82 80 Engine 4 | . 14 14 11 11 11 8 . . 2 6 2 . . . . . . . . . . . . . . . . . . . . . . . . Core 2 | . . . . . . 2 5 6 3 . 3 6 6 5 5 4 5 5 5 5 5 5 4 5 5 5 5 9 7 . . 2 4 4 4 Reactor 1 | . . . . . . . . . . . . . . . . . . . . . . . . . . . . . 1 8 8 2 7 7 7 Treads 12 | . 25 28 33 33 33 19 . . . . . . . . . . . . . . . . . . . . . . . . . . . . . Hover 4 | . . . . . . . . . . . . . . . . . . . . . . . . . . . . . . . . 7 24 25 26 Flight 10 | . . . . . . . 32 33 32 33 33 33 33 35 35 32 23 23 26 29 26 26 25 26 26 26 26 27 27 29 30 16 . . . Device 6 | . 3 2 . . . . 12 13 13 13 13 13 13 11 11 11 11 11 10 11 10 10 10 10 10 9 15 9 9 15 15 6 18 15 10 Storage 8 | . 14 14 11 11 11 13 6 6 6 6 6 6 6 5 5 5 5 5 5 5 5 5 5 5 5 5 5 4 4 4 4 6 4 4 3 Processor 7 | . . . . . . . 11 8 6 6 6 6 6 10 11 11 11 11 11 11 10 10 10 10 10 10 10 9 9 8 8 16 12 16 16 Hackware 2 | . . . . . . . . 4 6 6 6 6 6 5 5 5 5 5 5 5 10 10 13 10 13 15 10 13 14 13 13 4 . . . Protection 7 | . 10 10 10 11 11 7 6 6 6 6 6 6 6 5 5 5 5 5 5 5 5 5 4 5 5 5 5 4 3 . . 6 4 6 6 Ballistic Gun 12 | . 27 27 32 32 33 7 . . . . . . . . . . . . . . . . . . . . . . . . . 3 3 . . Slashing Weapon 1 | . . . . . . 8 6 6 6 6 6 6 6 5 5 4 . . . . . . . . . 2 5 4 4 4 4 . . . . Peak Build Rating 289 | 7 7 13 21 22 22 26 49 46 55 58 60 54 60 73 78 88 85 86 89 88 94 95 107 94 97 105 110 127 147 156 181 279 289 286 247 Average Rating 94 | 4 6 9 18 21 22 18 40 45 48 50 53 54 54 68 74 79 80 75 79 82 90 91 97 94 96 98 102 118 132 148 154 212 276 243 222 On Entrance 83 | . 7 7 13 20 22 22 24 43 46 49 52 54 54 54 70 78 80 80 74 82 82 89 90 94 94 97 101 103 118 129 144 174 274 265 238 Naked Turns . | . . . . . . . . . . . . . . . . . . . . . . . . . . . . . . . . . . . . Heaviest Build 135 | 13 20 32 64 104 104 104 25 25 27 23 25 25 33 27 27 27 27 27 25 25 35 35 36 36 36 46 39 44 50 51 57 125 135 121 115 Greatest Support 139 | 20 40 40 60 60 60 60 26 26 27 28 28 28 28 28 28 37 32 32 38 38 38 38 48 39 39 41 46 55 55 62 62 130 130 130 139 Greatest Overweight (x) 4 | 3 . . 1 1 1 4 1 . 1 . . . 1 . . . . . . . . . . . . 1 . . . . . 1 1 1 1 Average Overweight (x) . | . . . . 1 1 2 . . . . . . . . . . . . . . . . . . . . . . . . . . . . . Largest Inventory Capacity 25 | 8 10 10 25 25 25 25 20 10 10 10 10 10 10 10 10 10 10 10 10 10 15 15 15 15 15 15 15 15 15 15 15 25 25 25 25 Average Capacity 18 | 7 8 10 18 20 25 20 10 10 10 10 10 10 10 10 10 10 10 10 10 10 13 15 15 15 15 15 15 15 15 15 15 21 25 25 24 Most Carried 25 | 4 8 10 19 22 24 25 19 10 10 10 10 10 10 10 10 10 10 10 10 10 11 13 15 15 15 15 15 15 15 13 15 25 25 25 25 Average Carried 16 | 2 7 9 15 19 23 19 9 10 9 9 9 10 9 9 9 9 9 9 9 9 9 12 14 15 15 14 14 12 14 12 14 21 24 21 19 Final Capacity 25 | 8 10 10 20 25 25 20 10 10 10 10 10 10 10 10 10 10 10 10 10 10 15 15 15 15 15 15 15 15 15 15 15 25 25 25 5 Final Carried 25 | 4 8 10 19 22 24 19 10 10 10 10 10 10 10 10 10 10 10 10 10 10 11 13 15 15 15 15 14 15 14 13 14 25 25 25 5 Class Distribution -------------------- 15% | Scout 14% | Scavenger-Mutant 14% | Tank 13% | Mutant 13% | Scavenger-Sprinter 12% | Scavenger-Tank 8% | Hacker-Scout 3% | Hacker-Sprinter Dominant Class ---------------- Mutant | -10/Materials Mutant | -10/Mines Scavenger-Tank | -9/Materials Tank | -9/Storage Tank | -9/Recycling Mutant | -9/Scraptown Scout | -6/Factory Scout | -6/Waste Scout | -6/Factory Scout | -6/Lower Caves Scout | -6/Lower Caves Scout | -6/Zion Scout | -5/Proximity Caves Scout | -5/Factory Scout | -5/Waste Scout | -5/Factory Scout | -5/Upper Caves Scout | -5/Upper Caves Scout | -5/Zhirov Scout | -4/Proximity Caves Hacker-Scout | -4/Factory Hacker-Scout | -4/Waste Hacker-Scout | -4/Factory Hacker-Scout | -4/Upper Caves Hacker-Scout | -4/Upper Caves Hacker-Sprinter | -4/Warlord Hacker-Scout | -3/Proximity Caves Hacker-Scout | -3/Research Hacker-Scout | -3/Testing Hacker-Scout | -2/Research Hacker-Scout | -2/Quarantine Scavenger-Sprinter | -2/Protoforge Scavenger-Sprinter | -1/Access Scavenger-Mutant | -1/Command Scavenger-Mutant | -1/Access_0 Resources | -11 -10 -10 -9 -9 -9 -9 -6 -6 -6 -6 -6 -6 -5 -5 -5 -5 -5 -5 -5 -4 -4 -4 -4 -4 -4 -4 -3 -3 -3 -2 -2 -2 -1 -1 -1 ----------- Run | Yrd Mat Min Mat Sto Rec Scr Fac Was Fac Low Low Zio Pro Fac Was Fac Upp Upp Zhi Pro Fac Was Fac Upp Upp War Pro Res Tes Res Qua Frg Acc Com Ac0 Matter Collected 15120 | 273 217 223 1040 587 72 160 190 . 90 122 86 20 50 16 . 443 92 10 77 . . 274 80 59 47 1293 110 . 83 101 235 6720 142 2206 2 Remotely 3185 | . . . . . . . . . . . . . . . . . . . . . . . . . . . . . . . . 2623 . 562 . Salvage Created 15411 | 85 420 418 1430 922 352 . 267 . 311 . 27 . . 61 . 440 61 . 97 . . 570 17 . . 418 25 . 162 101 387 4916 1103 2744 77 Parts 689 | 9 23 25 109 54 18 . 6 . 12 . 4 . . 9 . 34 5 . . . . 3 4 . . 15 4 . 10 4 21 167 55 94 4 Haulers Intercepted 17 | . 1 . 5 5 . . 2 . 3 . . . . . . . . . . . . . . . . . . . . . . . 1 . . Recyclers Shooed 9 | . . 1 3 1 2 . . . . . . . . . . 1 . . . . . . . . . . . . . . 1 . . . . Parts Field Recycled . | . . . . . . . . . . . . . . . . . . . . . . . . . . . . . . . . . . . . Retrieved Matter . | . . . . . . . . . . . . . . . . . . . . . . . . . . . . . . . . . . . . Parts Self-Destructed 26 | . . . . . . . . . . . 4 . 8 . . . 11 . . . . . . . . . 3 . . . . . . . . Prevented 7 | . . . . . . . . . . . . . 4 . . . 3 . . . . . . . . . . . . . . . . . . Kills | -11 -10 -10 -9 -9 -9 -9 -6 -6 -6 -6 -6 -6 -5 -5 -5 -5 -5 -5 -5 -4 -4 -4 -4 -4 -4 -4 -3 -3 -3 -2 -2 -2 -1 -1 -1 ------- Run | Yrd Mat Min Mat Sto Rec Scr Fac Was Fac Low Low Zio Pro Fac Was Fac Upp Upp Zhi Pro Fac Was Fac Upp Upp War Pro Res Tes Res Qua Frg Acc Com Ac0 Combat Hostiles Destroyed 287 | . 12 12 30 13 4 . . . . . 3 . . 4 . 8 4 . . . . 3 . . . 16 4 . 5 . 4 121 17 25 2 Melee 2 | . . . . . . . . . . . . . . . . . . . . . . . . . . . 1 . . . . 1 . . . Guns 100 | . 12 8 21 13 4 . . . . . . . . . . . . . . . . . . . . . . . . . . 33 7 2 . Cannons 24 | . . . . . . . . . . . . . . . . . . . . . . . . . . . . . . . . . 5 19 . AOE 151 | . . 4 9 . . . . . . . 3 . . 4 . 8 4 . . . . 3 . . . 16 3 . 5 . 4 86 2 . . Classes Destroyed 28 | 2 3 1 4 1 . . 1 . . . . . . . . . . . . . . 1 . . . 4 1 . . . . 9 1 . . Worker 11 | . . . 4 1 . . . . . . . . . . . 1 . . . . . . . . . . . . . . 2 . 2 1 . Builder 9 | . . 1 1 1 . . . . . . . . . . . 3 . . . . . . 1 . . . . . 1 . 1 . . . . Tunneler 3 | 2 . 1 . . . . . . . . . . . . . . . . . . . . . . . . . . . . . . . . . Hauler 18 | . 1 . 5 5 . . 2 . 3 . . . . . . . . . . . . . . . . . . . . . . 1 1 . . Recycler 12 | 1 . . 2 1 2 . . . . . . . . . . 2 . . . . . . . . . . . . . 1 3 . . . . Carrier 1 | . . . . . . . . . . . . . . . . . . . . . . . . . . . . . . . . 1 . . . Mechanic 9 | . . . . 1 . . 1 . . . . . . . . . . . . . . . . . . . . . . . . 7 . . . Operator 2 | . . . . . . . 1 . . . . . . . . 1 . . . . . . . . . . . . . . . . . . . Drone 19 | . . . . . . . . . . . . . . . . . . . . . . . . . . . 1 . . . . 18 . . . Watcher 12 | . . . 5 1 . . . . 1 . . . . . . 2 . . . . . . . . . . . . 1 . . 1 . 1 . Swarmer 75 | . 5 6 14 1 . . . . . . 3 . . 4 . 8 4 . . . . . . . . . 3 . 5 . 4 18 . . . Cutter 5 | . . . . . . . . . . . . . . . . . . . . . . . . . . . . . . . . . 1 4 . Saboteur 3 | . . . . . . . . . . . . . . . . . . . . . . . . . . 2 . . . . . 1 . . . Grunt 54 | . 7 6 5 6 . . . . . . . . . . . . . . . . . . . . . 10 . . . . . 19 . 1 . Brawler 9 | . . . . . . . . . . . . . . . . . . . . . . . . . . 1 . . . . . 6 . 2 . Duelist 3 | . . . 1 . . . . . . . . . . . . . . . . . . . . . . . . . . . . 2 . . . Protector 11 | . . . . . . . . . . . . . . . . . . . . . . . . . . 2 . . . . . 9 . . . Researcher 2 | . . . . . . . . . . . . . . . . . . . . . . . . . . . . . . . . 2 . . . Sentry 28 | . . . 10 6 4 . . . . . . . . . . . . . . . . . . . . . . . . . . 6 1 1 . Demolisher 3 | . . . . . . . . . . . . . . . . . . . . . . . . . . . . . . . . 1 . 2 . Specialist 4 | . . . . . . . . . . . . . . . . . . . . . . . . . . . . . . . . . 4 . . Hunter 9 | . . . . . . . . . . . . . . . . . . . . . . . . . . . . . . . . 8 1 . . Programmer 14 | . . . . . . . . . . . . . . . . . . . . . . . . . . . . . . . . 7 2 5 . Behemoth 1 | . . . . . . . . . . . . . . . . . . . . . . . . . . 1 . . . . . . . . . Compactor 3 | . . . . . . . . . . . . . . . . . . . . . . 3 . . . . . . . . . . . . . M Guard 2 | . . . . . . . . . . . . . . . . . . . . . . . . . . . . . . . . . . 2 . Hotshot 5 | . . . . . . . . . . . . . . . . . . . . . . . . . . . . . . . . 5 . . . Decapitator 1 | . . . . . . . . . . . . . . . . . . . . . . . . . . . . . . . . 1 . . . Immortal 1 | . . . . . . . . . . . . . . . . . . . . . . . . . . . . . . . . 1 . . . Combat Programmer 2 | . . . . . . . . . . . . . . . . . . . . . . . . . . . . . . . . . . 2 . Striker 15 | . . . . . . . . . . . . . . . . . . . . . . . . . . . . . . . . 9 4 2 . Executioner 17 | . . . . . . . . . . . . . . . . . . . . . . . . . . . . . . . . 11 4 2 . Scrapoid 7 | . . . . . . . . . . . . . . . . . . . . . . . . . . . . . . . . 7 . . . Best Kill Streak 17 | 3 7 4 8 3 2 . 3 . 2 . 3 . . 4 . 7 4 . . . . 2 1 . . 4 3 . 5 1 8 17 10 12 2 Combat Bots Only 16 | . 7 4 5 3 2 . . . . . 3 . . 4 . 4 4 . . . . 2 . . . 4 3 . 5 . 4 16 8 11 2 Max Kills in Single Turn 5 | 1 1 2 4 1 2 . 1 . 1 . 2 . . 2 . 5 4 . . . . 2 1 . . 2 2 . 4 1 4 5 2 2 1 Gunslinging 1 | . . . . . 1 . . . . . . . . . . . . . . . . . . . . . . . . . . . . . . Exploded 5 | . . 2 4 . . . . . . . 2 . . 2 . 4 4 . . . . 2 . . . 2 2 . 4 . 2 5 1 . . Melee 1 | . . . . . . . . . . . . . . . . . . . . . . . . . . . 1 . . . . 1 . . . Uniques/NPCs Destroyed 4 | . . . . . . . . . . . . . . . . . . . . . . . . . . . . . . . . . . 2 2 MAIN.C Shell (-1/Command) MAIN.C (-1/Command) A6 (-1/Access_0) A8 (-1/Access_0) Combat | -11 -10 -10 -9 -9 -9 -9 -6 -6 -6 -6 -6 -6 -5 -5 -5 -5 -5 -5 -5 -4 -4 -4 -4 -4 -4 -4 -3 -3 -3 -2 -2 -2 -1 -1 -1 -------- Run | Yrd Mat Min Mat Sto Rec Scr Fac Was Fac Low Low Zio Pro Fac Was Fac Upp Upp Zhi Pro Fac Was Fac Upp Upp War Pro Res Tes Res Qua Frg Acc Com Ac0 Hostile Shots Fired 1485 | . 67 37 114 76 14 . 3 . 31 . 8 . 3 16 . 25 6 1 . . . . 25 . . 13 4 2 35 11 20 158 70 262 484 Missed 572 | . 13 6 38 25 2 . 2 . 27 . 2 . 2 7 . 13 3 . . . . . 12 . . 7 2 . 16 8 8 60 34 90 195 Intercepted 8 | . . . . . . . . . . . . . . . . . . . . . . . . . . . . . . . . . . 8 . Hits 913 | . 54 31 76 51 12 . 1 . 4 . 6 . 1 9 . 12 3 1 . . . . 13 . . 6 2 2 19 3 12 98 36 172 289 Melee 12 | . . . 2 . . . . . . . . . . . . . . . . . . . . . . . . . . . . . 1 3 6 Projectile 901 | . 54 31 74 51 12 . 1 . 4 . 6 . 1 9 . 12 3 1 . . . . 13 . . 6 2 2 19 3 12 98 35 169 283 AOE 4 | . . . . . . . . . . . . . . . . 1 . . . . . . . . . . . . . . . 2 . 1 . Critical Strikes 45 | . . 2 1 3 . . . . . . . . . . . 1 . . . . . . 3 . . . . 1 1 . . 9 2 8 14 Actively Blocked 21 | . . . . . . . . . . . . . . . . . . . . . . . . . . . . . . . . 1 . 6 14 Part Disruptions 14 | . . . . . . . . . . . . . . . . . . . . . . . . . . . . . . . . . . 11 3 Damage Taken 21688 | . 514 404 961 641 173 . 57 . 47 . 88 . . 151 . 287 45 18 . . . . 430 . . 106 42 39 305 80 264 3596 693 3693 9054 Core 3164 | . 101 76 93 94 26 . . . 36 . 28 . . 54 . 69 . . . . . . 72 . . . . . 54 . 50 982 179 201 1049 Absorbed by Shields 3417 | . . . . . . . . . . . . . . . . . . . . . . . . . . . . . . . . 688 677 2052 . Redirected to Shielding 213 | . . . . . . . . . . . . . . . . . . . . . . . . . . . . . . . . 213 . . . Regen/Repaired (Parts) 1437 | . 240 . 399 . . . 10 . . . . 8 . . . 102 . . . . . 58 135 . . . . . . . . 121 . 364 . Core Remaining (%) 62 | 100 . 29 . . . 46 . . . . . . 92 . . . . . . 87 . . . . . . 93 . 95 . . 16 . . 6 Volleys Fired 943 | 4 69 34 80 45 8 . . . 9 2 3 . 11 9 . 12 2 2 . 4 . 9 10 . . 61 7 1 15 4 5 251 62 133 91 Largest 3 | 2 2 2 3 3 3 . . . 1 1 1 . 1 1 . 1 1 1 . 1 . 1 1 . . 1 1 1 1 1 1 2 1 3 1 Hottest 180 | 40 40 46 71 69 69 . . . 35 35 35 . 35 35 . 43 43 35 . 35 . 43 105 . . 105 105 105 113 113 113 180 140 140 150 Shots Fired 1370 | 8 138 63 230 135 24 . . . 9 2 3 . 11 9 . 12 2 2 . 4 . 9 12 . . 61 7 1 15 4 5 261 62 192 89 Gun 843 | 8 138 58 225 135 24 . . . . . . . . . . . . . . . . . . . . . . . . . . 145 19 91 . Cannon 340 | . . . . . . . . . 9 2 1 . 11 6 . 9 . 2 . 4 . . 12 . . 2 4 1 13 4 2 31 37 101 89 Launcher 187 | . . 5 5 . . . . . . . 2 . . 3 . 3 2 . . . . 9 . . . 59 3 . 2 . 3 85 6 . . Special . | . . . . . . . . . . . . . . . . . . . . . . . . . . . . . . . . . . . . Kinetic 852 | 8 138 58 225 135 24 . . . . . . . . . . . . . . . . . . . . . . . . . . 154 19 91 . Thermal 331 | . . . . . . . . . 9 2 1 . 11 6 . 9 . 2 . 4 . . 12 . . 2 4 1 13 4 2 22 37 101 89 Explosive 187 | . . 5 5 . . . . . . . 2 . . 3 . 3 2 . . . . 9 . . . 59 3 . 2 . 3 85 6 . . Electromagnetic . | . . . . . . . . . . . . . . . . . . . . . . . . . . . . . . . . . . . . Robot Hit Streak 34 | 5 13 23 11 9 11 . . . . . . . . 13 . 14 . . . . . 2 4 . . 9 6 . 8 . . 20 16 34 9 Robot Miss Streak 9 | 1 7 2 6 3 1 . . . . . . . . . . 2 3 . . . . 1 . . . 2 . . . . . 9 3 5 4 Penetration Max 2 | . . . . . . . . . . . . . . . . . . . . . . . . . . . . . . . . 2 2 1 . Secondary Targets 9 | . 1 2 1 2 1 . . . . . . . . . . . . . . . . . . . . . . . . . . . . 2 . Max Gunslinging Chain 1 | . 1 1 1 1 1 . . . . . . . . . . . . . . . . . . . . . . . . . . . . 1 . Capacitor 201 | . . . . . . . . . . . . . . . . . . . . . . . . . . . . . . . . . 36 101 64 Shots Hit Robots 847 | 7 88 48 142 87 18 . 13 . 10 . . . . 2 . 13 . . 2 . . 4 2 . . 15 4 . 4 1 4 156 30 151 46 Core Hits 772 | 6 29 32 66 33 7 . 4 . 4 . 5 . . 4 . 18 4 . 1 . . 6 1 . . 94 5 . 5 1 18 315 32 66 16 Critical Kills 49 | . 1 . . 1 . . . . . . . . . . . . . . . . . . . . . . . . . . . 31 10 4 2 Critical Parts Destroyed 57 | . 1 1 1 1 . . . . . . . . . . . . . . . . . . . . . . . . . . . 38 12 3 . Critical Strikes 145 | . 2 1 1 2 . . 2 . 1 . . . . . . 1 . . . . . . . . . . . . . . . 97 26 10 2 Meltdown 8 | . . . . . . . . . . . . . . . . . . . . . . . . . . . . . . . . . 2 4 2 Destroy 133 | . 2 1 1 2 . . . . . . . . . . . . . . . . . . . . . . . . . . . 97 24 6 . Sever 4 | . . . . . . . 2 . 1 . . . . . . 1 . . . . . . . . . . . . . . . . . . . Melee Attacks 302 | . . . 3 6 . . 39 . 35 5 3 1 6 19 . 59 . 1 2 4 15 1 24 . 1 3 7 4 27 9 18 10 . . . Impact . | . . . . . . . . . . . . . . . . . . . . . . . . . . . . . . . . . . . . Slashing 236 | . . . 3 6 . . 39 . 35 5 3 1 6 19 . 51 . . . . . . . . . . 7 4 27 9 18 3 . . . Piercing 66 | . . . . . . . . . . . . . . . . 8 . 1 2 4 15 1 24 . 1 3 . . . . . 7 . . . Sneak Attacks 14 | . . . . . . . 3 . 3 . . . . . . 4 . . . . . . . . . . . . 1 1 2 . . . . Combat Hostiles . | . . . . . . . . . . . . . . . . . . . . . . . . . . . . . . . . . . . . Follow-up Attacks . | . . . . . . . . . . . . . . . . . . . . . . . . . . . . . . . . . . . . Damage Inflicted 69847 | 57 722 745 2929 1428 350 . 709 . 593 . 209 . . 306 . 2010 297 . 179 . . 1900 37 . . 6159 577 . 642 72 1240 32830 3203 8784 3869 Guns 9938 | 57 718 380 2222 1366 292 . . . . . . . . . . . . . . . . . . . . . . . . . . 1953 255 2695 . Cannons 11071 | . . . . . . . . . . . . . . . . . . . . . . . 37 . . 53 . . . . . 148 875 6089 3869 Explosions 45806 | . . 352 680 . . . . . . . 209 . . 306 . 1281 297 . . . . 1900 . . . 6106 537 . 507 . 945 30613 2073 . . Melee 2752 | . . . . . . . 709 . 593 . . . . . . 729 . . 179 . . . . . . . 40 . 135 72 295 . . . . Ramming 280 | . 4 13 27 62 58 . . . . . . . . . . . . . . . . . . . . . . . . . . 116 . . . Kinetic 10086 | 57 718 380 2222 1366 292 . . . . . . . . . . . . . . . . . . . . . . . . . . 2101 255 2695 . Thermal 10923 | . . . . . . . . . . . . . . . . . . . . . . . 37 . . 53 . . . . . . 875 6089 3869 Explosive 45806 | . . 352 680 . . . . . . . 209 . . 306 . 1281 297 . . . . 1900 . . . 6106 537 . 507 . 945 30613 2073 . . Electromagnetic . | . . . . . . . . . . . . . . . . . . . . . . . . . . . . . . . . . . . . Impact . | . . . . . . . . . . . . . . . . . . . . . . . . . . . . . . . . . . . . Slashing 2505 | . . . . . . . 709 . 593 . . . . . . 661 . . . . . . . . . . 40 . 135 72 295 . . . . Piercing 247 | . . . . . . . . . . . . . . . . 68 . . 179 . . . . . . . . . . . . . . . . Highest Corruption 18 | . . . . . . . . 9 10 10 10 10 . 1 8 8 8 8 8 8 . 5 6 6 6 6 . . . . 1 1 2 18 10 Average Corruption 6 | . . . . . . . . 9 9 10 10 10 . 1 3 8 8 8 8 8 . 5 5 6 6 6 . . . . 1 1 1 15 3 Corruption Purged 18 | . . . . . . . . . . . . . . . . . . . . . . . . . . . . . . . . . . 18 . Corruption Blocked . | . . . . . . . . . . . . . . . . . . . . . . . . . . . . . . . . . . . . Effects 226 | . . . . . . . . 1 13 7 4 2 . 5 . 30 3 3 2 3 . 3 20 1 1 . . . . . 1 17 . 101 9 Message Errors 67 | . . . . . . . . . 5 2 2 . . 1 . 8 1 1 1 . . . 8 . . . . . . . 1 8 . 28 1 Matter Fused 49 | . . . . . . . . . 1 1 1 1 . 3 . 11 1 . 1 . . 2 4 . . . . . . . . 4 . 19 . Heat Flow Errors 22 | . . . . . . . . . . 1 . . . 1 . 1 . 1 . 1 . 1 1 1 1 . . . . . . 2 . 10 1 Energy Discharges 27 | . . . . . . . . 1 1 . . . . . . 4 1 . . 1 . . 2 . . . . . . . . 2 . 15 . Parts Rejected 4 | . . . . . . . . . 1 . . . . . . . . . . . . . . . . . . . . . . . . . 3 Parts Fused 2 | . . . . . . . . . . . . . . . . 2 . . . . . . . . . . . . . . . . . . . Data Loss (minor) 26 | . . . . . . . . . 3 1 1 1 . . . 3 . 1 . 1 . . 2 . . . . . . . . . . 12 1 Data Loss (major) 9 | . . . . . . . . . 2 2 . . . . . 1 . . . . . . 1 . . . . . . . . . . 2 1 Misfires 6 | . . . . . . . . . . . . . . . . . . . . . . . 2 . . . . . . . . . . 4 . Alerts 4 | . . . . . . . . . . . . . . . . . . . . . . . . . . . . . . . . . . 4 . Weapon Failures 10 | . . . . . . . . . . . . . . . . . . . . . . . . . . . . . . . . 1 . 7 2 Overload Shots 22 | . . . . . . . . . . . . . . . . . . . . . . . . . . . . . . . . . . . 22 Effects 6 | . . . . . . . . . . . . . . . . . . . . . . . . . . . . . . . . . . . 6 Energy Bleed 4 | . . . . . . . . . . . . . . . . . . . . . . . . . . . . . . . . . . . 4 Heat Surge 2 | . . . . . . . . . . . . . . . . . . . . . . . . . . . . . . . . . . . 2 Overflow Damage 2449 | . . 31 33 3 3 . 146 . 8 . . . . . . 296 . . 72 . . 72 . . . 87 95 . 138 . 104 869 159 318 15 Projectiles 359 | . . . . . . . . . . . . . . . . . . . . . . . . . . . . . . . . . 26 318 15 Explosions 1485 | . . 31 33 . . . . . . . . . . . . 70 . . . . . 72 . . . 87 95 . 82 . 41 841 133 . . Melee 605 | . . . . 3 3 . 146 . 8 . . . . . . 226 . . 72 . . . . . . . . . 56 . 63 28 . . . Knockbacks 1 | . . . . . 1 . . . . . . . . . . . . . . . . . . . . . . . . . . . . . . Impact 1 | . . . . . 1 . . . . . . . . . . . . . . . . . . . . . . . . . . . . . . Kinetic . | . . . . . . . . . . . . . . . . . . . . . . . . . . . . . . . . . . . . Secondary . | . . . . . . . . . . . . . . . . . . . . . . . . . . . . . . . . . . . . Self-Inflicted Damage 102 | . . . . . . . . . . . . . . . . . . . . . . . . . . . . . . . . 102 . . . Shots 1 | . . . . . . . . . . . . . . . . . . . . . . . . . . . . . . . . 1 . . . Rammed 26 | . 1 4 7 9 3 . . . . . . . . . . . . . . . . . . . . . . . . . . 2 . . . Targets Rammed 33 | . 1 5 8 12 5 . . . . . . . . . . . . . . . . . . . . . . . . . . 2 . . . Kicked . | . . . . . . . . . . . . . . . . . . . . . . . . . . . . . . . . . . . . Crushed 7 | . . 1 1 3 2 . . . . . . . . . . . . . . . . . . . . . . . . . . . . . . Highest Temperature 790 | . 55 83 126 140 99 . 7 3 100 179 2 2 2 241 . 110 . 279 . 249 . 225 169 76 265 16 . 28 80 92 54 790 251 203 183 Average Temperature 54 | . 16 25 36 48 41 . 1 1 19 88 1 1 1 119 . 31 . 141 . 145 . 129 35 48 167 10 . 15 33 31 27 197 144 136 110 Received Heat Transfer 2266 | . 168 237 189 273 45 . . . 18 . . . . . . 48 . 9 . . . . 72 . . 9 . . 12 . . 1027 . 159 . Effects 12 | . . . . . . . . . . . . . . 1 . . . . . . . . . . . . . . . . . 3 6 2 . Shutdowns 2 | . . . . . . . . . . . . . . . . . . . . . . . . . . . . . . . . 2 . . . Energy Bleed 2 | . . . . . . . . . . . . . . 1 . . . . . . . . . . . . . . . . . . . 1 . Interference 7 | . . . . . . . . . . . . . . . . . . . . . . . . . . . . . . . . . 6 1 . Damage (minor) 1 | . . . . . . . . . . . . . . . . . . . . . . . . . . . . . . . . 1 . . . Siege Activations . | . . . . . . . . . . . . . . . . . . . . . . . . . . . . . . . . . . . . Martial Activations . | . . . . . . . . . . . . . . . . . . . . . . . . . . . . . . . . . . . . Shielding Activations . | . . . . . . . . . . . . . . . . . . . . . . . . . . . . . . . . . . . . Robots Disrupted . | . . . . . . . . . . . . . . . . . . . . . . . . . . . . . . . . . . . . Combat Hostiles . | . . . . . . . . . . . . . . . . . . . . . . . . . . . . . . . . . . . . Robots Corrupted 1 | . . . . . . . . . . . . . . . . . . . . . . . . . . . . . . . . 1 . . . Combat Hostiles . | . . . . . . . . . . . . . . . . . . . . . . . . . . . . . . . . . . . . Parts Fried . | . . . . . . . . . . . . . . . . . . . . . . . . . . . . . . . . . . . . Impact Corruptions 4 | . . . . 1 1 . . . . . . . . . . . . . . . . . . . . . . . . . . 2 . . . Robots Melted 8 | . . . . . . . . . . . . . . . . . . . . . . . . . . . . . . . . . 2 4 2 Combat Hostiles 8 | . . . . . . . . . . . . . . . . . . . . . . . . . . . . . . . . . 2 4 2 Parts Melted 24 | . . . . . . . . . . . . . . . . . . . . . . . . . . . . . . . . 2 5 13 4 Heat Transferred 4008 | . . . . . . . . . . . . . . . . . . . . . . . 37 . . 37 . . . . . . 500 2758 676 Parts Sabotaged . | . . . . . . . . . . . . . . . . . . . . . . . . . . . . . . . . . . . . Parts Stolen . | . . . . . . . . . . . . . . . . . . . . . . . . . . . . . . . . . . . . Parts Stripped . | . . . . . . . . . . . . . . . . . . . . . . . . . . . . . . . . . . . . Power Chain Reactions . | . . . . . . . . . . . . . . . . . . . . . . . . . . . . . . . . . . . . Alert | -11 -10 -10 -9 -9 -9 -9 -6 -6 -6 -6 -6 -6 -5 -5 -5 -5 -5 -5 -5 -4 -4 -4 -4 -4 -4 -4 -3 -3 -3 -2 -2 -2 -1 -1 -1 ------- Run | Yrd Mat Min Mat Sto Rec Scr Fac Was Fac Low Low Zio Pro Fac Was Fac Upp Upp Zhi Pro Fac Was Fac Upp Upp War Pro Res Tes Res Qua Frg Acc Com Ac0 Maximum Alert Level 5 | . . . 1 1 . . . . . . . . . . . 1 . . . . . . 1 . . . . 2 1 1 1 5 5 5 . Low Security (%) 62 | 100 100 100 95 72 100 . 100 100 100 . . . . 100 100 46 . . . . 100 100 96 . . . . . 54 76 67 21 . . . Level 1 10 | . . . 4 27 . . . . . . . . . . . 53 . . . . . . 3 . . . . . 45 23 32 23 . . . Level 2 6 | . . . . . . . . . . . . . . . . . . . . . . . . . . . . 100 . . . 35 . . . Level 3 . | . . . . . . . . . . . . . . . . . . . . . . . . . . . . . . . . 2 . . . Level 4 . | . . . . . . . . . . . . . . . . . . . . . . . . . . . . . . . . 2 . . . Level 5 19 | . . . . . . . . . . . . . . . . . . . . . . . . . . . . . . . . 14 79 100 . High Security . | . . . . . . . . . . . . . . . . . . . . . . . . . . . . . . . . . 20 . . Max Security . | . . . . . . . . . . . . . . . . . . . . . . . . . . . . . . . . . . . . Peak Influence 4284 | 10 145 112 224 315 105 . 35 . 50 . . . . 179 37 339 . . . . 43 89 225 . . . . 473 364 219 357 4284 3396 2697 . Initial 2570 | . . 12 4 59 105 . . . . . . . . . 37 18 . . . . . 10 39 . . . . 450 265 180 114 191 2570 2182 . Average 310 | 1 47 34 103 154 16 . 4 . 17 . . . . 126 34 177 . . . . 11 41 63 . . . . 453 234 190 196 798 2811 2486 . Influence Increases 14460 | 15 334 343 960 932 221 . 126 . 214 . 70 . 140 322 . 629 90 75 . . 105 147 424 . . 545 75 523 509 75 406 5131 961 739 349 Destroy 0b10 Robot/C 5460 | . 240 240 600 460 80 . . . . . 60 . 140 80 . 160 80 . . . . . . . . 280 60 . 100 . 80 2020 340 440 . Destroy 0b10 Robot/NC 545 | 15 5 20 85 55 10 . 20 . 20 . . . . . . 45 . . . . . . 5 . . 10 5 . 10 5 30 180 15 10 . Destroy Leader 1000 | . 52 40 180 164 . . 4 . 8 . 10 . . 10 . 24 10 . . . . . . . . . 10 . 12 . 10 312 82 72 . Allied During Kill 134 | . . . . 107 8 . . . . . . . . . . . . . . . . . . . . . . . . . . 19 . . . Trap Triggered on 0b10 50 | . . . . . . . . . . . . . . . . . . . . . . . 50 . . . . . . . . . . . . Successful Hack 397 | . 22 . 28 22 3 . 7 . 19 . . . . 19 . 67 . . . . 30 . 22 . . . . 18 37 10 52 13 24 4 . Select Force Hacks 120 | . . . . . 120 . . . . . . . . . . . . . . . . . . . . . . . . . . . . . . Disable Machine 1125 | . . . 15 60 . . 30 . . . . . . . . 135 . . . . . . . . . . . . 105 15 60 555 60 30 60 Destroy Structure 3049 | . . 28 37 4 . . 20 . 32 . . . . 78 . 138 . . . . 30 132 62 . . . . 10 110 30 99 1417 395 168 259 Advance Influence 450 | . . . . . . . . . . . . . . . . . . . . . . . . . . . . 450 . . . . . . . Partial Spotted 375 | . . . . . . . 15 . 45 . . . . 60 . 30 . . . . 15 15 60 . . . . 30 15 15 . 15 15 15 30 Lose Combat Pursuer 1755 | . 15 15 15 60 . . 30 . 90 . . . . 75 . 30 . 75 . . 30 . 225 . . 255 . 15 120 . 75 600 30 . . Influence Decreases 14357 | 15 302 363 830 804 491 . 126 . 188 26 60 10 140 216 79 356 161 84 220 . 76 119 256 114 52 361 318 50 660 192 271 1187 1834 1489 2907 Entered New Map 7388 | . . 20 8 83 165 . . . . 10 . 10 . . 69 9 111 44 220 . . 19 18 84 22 59 243 . 208 142 91 149 1714 1229 2661 Time Decay 5496 | 15 302 343 636 601 326 . 126 . 187 16 60 . 60 206 10 327 50 40 . . 76 40 238 30 30 292 65 50 222 40 120 718 110 160 . Lost Part 607 | . . . . . . . . . 1 . . . . . . 10 . . . . . . . . . 10 10 . 30 10 . 180 10 100 246 Lost Ally 530 | . . . . 120 . . . . . . . . 80 10 . 10 . . . . . 60 . . . . . . 50 . 60 140 . . . Purge Threat 336 | . . . 186 . . . . . . . . . . . . . . . . . . . . . . . . . 150 . . . . . . Squads Dispatched 63 | . 3 1 . 3 . . 7 . 8 . . . . 7 . 3 . . . . 2 . 4 . . . . 2 4 3 3 6 3 4 . Investigation 33 | . 2 1 . 1 . . 5 . 7 . . . . 6 . 1 . . . . 2 . 1 . . . . 1 1 2 . 3 . . . Extermination 15 | . . . . . . . 2 . 1 . . . . 1 . 2 . . . . . . 2 . . . . 1 2 1 1 . 1 1 . Reinforcement 12 | . 1 . . 2 . . . . . . . . . . . . . . . . . . 1 . . . . . 1 . 2 3 2 . . Assault 3 | . . . . . . . . . . . . . . . . . . . . . . . . . . . . . . . . . . 3 . Garrison . | . . . . . . . . . . . . . . . . . . . . . . . . . . . . . . . . . . . . Intercept . | . . . . . . . . . . . . . . . . . . . . . . . . . . . . . . . . . . . . Searches Triggered . | . . . . . . . . . . . . . . . . . . . . . . . . . . . . . . . . . . . . Construction Impeded . | . . . . . . . . . . . . . . . . . . . . . . . . . . . . . . . . . . . . Haulers Reinforced . | . . . . . . . . . . . . . . . . . . . . . . . . . . . . . . . . . . . . Active Scanning Responses . | . . . . . . . . . . . . . . . . . . . . . . . . . . . . . . . . . . . . Cargo Convoy Interrupts . | . . . . . . . . . . . . . . . . . . . . . . . . . . . . . . . . . . . . Stealth | -11 -10 -10 -9 -9 -9 -9 -6 -6 -6 -6 -6 -6 -5 -5 -5 -5 -5 -5 -5 -4 -4 -4 -4 -4 -4 -4 -3 -3 -3 -2 -2 -2 -1 -1 -1 --------- Run | Yrd Mat Min Mat Sto Rec Scr Fac Was Fac Low Low Zio Pro Fac Was Fac Upp Upp Zhi Pro Fac Was Fac Upp Upp War Pro Res Tes Res Qua Frg Acc Com Ac0 Distress Signals 40 | . . . 2 4 . . . . . . . . . . . . . . . . 1 . 2 . . 1 . . 1 . . 6 1 22 . Communications Jammed 19 | . . . . . . . . . . . . . . . . . . . . . . . . . . . . . . 7 . 12 . . . Distress Signals 19 | . . . . . . . . . . . . . . . . . . . . . . . . . . . . . . 7 . 12 . . . Times Spotted 666 | . 28 15 38 32 4 . 7 3 10 . 1 . 1 13 5 31 4 5 . . 5 6 22 . . 84 7 1 29 8 21 185 29 31 41 Peak Tracking Total 19 | . 4 4 6 6 2 . 2 3 5 . 3 . 1 5 5 9 4 5 . . 3 3 10 . . 12 3 1 12 7 10 13 8 8 19 Tactical Retreats 62 | . 1 1 1 2 . . 1 . 3 . . . . 3 . 2 . 1 . . 1 . 6 . . 6 . 1 4 . 2 20 2 . 5 Traps | -11 -10 -10 -9 -9 -9 -9 -6 -6 -6 -6 -6 -6 -5 -5 -5 -5 -5 -5 -5 -4 -4 -4 -4 -4 -4 -4 -3 -3 -3 -2 -2 -2 -1 -1 -1 ------- Run | Yrd Mat Min Mat Sto Rec Scr Fac Was Fac Low Low Zio Pro Fac Was Fac Upp Upp Zhi Pro Fac Was Fac Upp Upp War Pro Res Tes Res Qua Frg Acc Com Ac0 Traps Triggered 28 | . 1 . 1 . . . 2 . 1 . . . . 2 . . . . . . 1 . 4 . . . . . 2 . . 10 . 4 . Indirectly . | . . . . . . . . . . . . . . . . . . . . . . . . . . . . . . . . . . . . Trap Hack Attempts . | . . . . . . . . . . . . . . . . . . . . . . . . . . . . . . . . . . . . Triggered . | . . . . . . . . . . . . . . . . . . . . . . . . . . . . . . . . . . . . Disarmed . | . . . . . . . . . . . . . . . . . . . . . . . . . . . . . . . . . . . . Reprogrammed 6 | . . . . . . . . . . . . . . . . . . . . . . . 6 . . . . . . . . . . . . Reused 5 | . . . . . . . . . . . . . . . . . . . . . . . 5 . . . . . . . . . . . . Traps Extracted . | . . . . . . . . . . . . . . . . . . . . . . . . . . . . . . . . . . . . Installed . | . . . . . . . . . . . . . . . . . . . . . . . . . . . . . . . . . . . . Triggered 5 | . . . . . . . . . . . . . . . . . . . . . . . 5 . . . . . . . . . . . . Machines | -11 -10 -10 -9 -9 -9 -9 -6 -6 -6 -6 -6 -6 -5 -5 -5 -5 -5 -5 -5 -4 -4 -4 -4 -4 -4 -4 -3 -3 -3 -2 -2 -2 -1 -1 -1 ---------- Run | Yrd Mat Min Mat Sto Rec Scr Fac Was Fac Low Low Zio Pro Fac Was Fac Upp Upp Zhi Pro Fac Was Fac Upp Upp War Pro Res Tes Res Qua Frg Acc Com Ac0 Machines Disabled 81 | . . . 1 4 . . 2 . . . . . . . . 9 . . . . . . . . . 4 . . 7 1 4 39 4 2 4 Max in Single Turn 3 | . . . 1 1 . . 1 . . . . . . . . 3 . . . . . . . . . 2 . . 1 1 1 3 1 1 1 Garrison Access 8 | . . . . . . . . . . . . . . . . 1 . . . . 3 . 1 . . . . . 1 . 1 1 . . . Machines Repaired . | . . . . . . . . . . . . . . . . . . . . . . . . . . . . . . . . . . . . Machines Dismantled 3 | . . . . 1 . . . . . . . . . . . . . . . . . . . . . 2 . . . . . . . . . Machines Sabotaged . | . . . . . . . . . . . . . . . . . . . . . . . . . . . . . . . . . . . . Overloaded Fab Kills . | . . . . . . . . . . . . . . . . . . . . . . . . . . . . . . . . . . . . Hacking | -11 -10 -10 -9 -9 -9 -9 -6 -6 -6 -6 -6 -6 -5 -5 -5 -5 -5 -5 -5 -4 -4 -4 -4 -4 -4 -4 -3 -3 -3 -2 -2 -2 -1 -1 -1 --------- Run | Yrd Mat Min Mat Sto Rec Scr Fac Was Fac Low Low Zio Pro Fac Was Fac Upp Upp Zhi Pro Fac Was Fac Upp Upp War Pro Res Tes Res Qua Frg Acc Com Ac0 Machines Accessed 163 | . 6 1 15 12 10 6 10 . 11 . 1 . . 15 . 17 . . 4 . 7 . 11 . . 1 . 3 9 4 7 7 5 1 . Terminals 80 | . 3 . 11 9 6 . 3 . 2 . . . . 5 . 9 . . . . 1 . 6 . . . . 2 7 2 6 3 4 1 . Fabricators 9 | . . . . . . . . . 2 . . . . 2 . . . . . . 2 . 2 . . . . . 1 . . . . . . Repair Stations 10 | . 1 . 1 . . . 1 . 1 . . . . 1 . 3 . . . . . . 2 . . . . . . . . . . . . Recycling Units 33 | . 2 . 2 2 4 . 5 . 4 . . . . 4 . 2 . . . . 1 . . . . . . 1 . 2 . 3 1 . . Scanalyzers 5 | . . . 1 . . . . . 1 . . . . 2 . 1 . . . . . . . . . . . . . . . . . . . Garrison Access 13 | . . . . 1 . . 1 . 1 . . . . 1 . 2 . . . . 3 . 1 . . . . . 1 . 1 1 . . . Total Hacks 441 | . 21 1 37 30 28 45 25 . 29 . 1 . . 37 . 34 . . 17 . 17 . 28 . . 1 . 7 26 13 19 16 7 2 . Successful 267 | . 16 1 25 9 12 45 9 . 12 . 1 . . 20 . 17 . . 17 . 12 . 21 . . 1 . 4 15 6 11 9 3 1 . Failed 174 | . 5 . 12 21 16 . 16 . 17 . . . . 17 . 17 . . . . 5 . 7 . . . . 3 11 7 8 7 4 1 . Catastrophic 31 | . . . 3 2 2 . 3 . 3 . . . . 2 . 4 . . . . 1 . 2 . . . . 1 . 2 2 1 3 . . Database Lockouts . | . . . . . . . . . . . . . . . . . . . . . . . . . . . . . . . . . . . . Manual 160 | . 8 . 16 13 18 . 12 . 7 . . 1 . 16 . 13 . . . . 5 . 11 . . . . 2 7 8 9 12 2 . . Terminals 211 | . 9 . 26 22 16 . 10 . 5 . . . . 16 . 19 . . . . 5 . 20 . . . . 5 21 5 18 7 5 2 . Fabricators 17 | . . . . . . . . . 4 . . . . 4 . . . . . . 5 . 3 . . . . . 1 . . . . . . Repair Stations 36 | . 9 . 8 . . . 3 . 3 . . . . 2 . 7 . . . . . . 4 . . . . . . . . . . . . Recycling Units 79 | . 3 . 2 5 12 . 10 . 13 . . . . 9 . 3 . . . . 3 . . . . . . 2 . 8 . 7 2 . . Scanalyzers 9 | . . . 1 . . . . . 2 . . . . 4 . 2 . . . . . . . . . . . . . . . . . . . Garrison Access 24 | . . . . 3 . . 2 . 2 . . . . 2 . 3 . . . . 4 . 1 . . . . . 4 . 1 2 . . . Terminal Hacks 130 | . 2 1 8 4 . 45 3 . 2 . 1 . . 5 . 4 . . 17 . 2 . 9 . . 1 . 2 9 2 7 3 2 1 . Record 49 | . . . . . . 44 . . . . . . . . . . . . 5 . . . . . . . . . . . . . . . . Part Schematic 5 | . . . . . . . . . . . . . . . . 1 . . 4 . . . . . . . . . . . . . . . . Robot Analysis 8 | . 1 . 1 . . . . . . . . . . . . . . . 4 . . . 1 . . . . . 1 . . . . . . Prototype ID Bank 5 | . . . . . . . . . . . . . . . . . . . 4 . . . . . . . . . 1 . . . . . . Open Door 6 | . . 1 . 2 . . . . . . 1 . . . . . . . . . . . . . . 1 . . . . . . . 1 . Level Access Points 1 | . . . . . . . . . . . . . . . . . . . . . . . . . . . . . . . . 1 . . . Branch Access Points 5 | . . . 1 . . . . . 1 . . . . . . 1 . . . . . . 1 . . . . . . 1 . . . . . Emergency Access Points 1 | . . . . . . . . . . . . . . . . . . . . . . . 1 . . . . . . . . . . . . Terminal Index 1 | . . . . . . . . . . . . . . . . . . . . . . . . . . . . 1 . . . . . . . Repair Station Index 2 | . . . . . . . . . . . . . . . . 1 . . . . 1 . . . . . . . . . . . . . . Unreport Threat 3 | . . . 2 . . . . . . . . . . . . . . . . . . . . . . . . . 1 . . . . . . Locate Traps 8 | . 1 . 2 . . . 2 . . . . . . . . 1 . . . . . . 1 . . . . . 1 . . . . . . Reprogram Traps 1 | . . . . . . . . . . . . . . . . . . . . . . . 1 . . . . . . . . . . . . Recall Investigation 2 | . . . . . . . 1 . . . . . . 1 . . . . . . . . . . . . . . . . . . . . . Recall Extermination 5 | . . . . . . . . . . . . . . . . . . . . . . . 1 . . . . 1 1 . 1 . 1 . . Recall Reinforcements 2 | . . . . . . . . . . . . . . 1 . . . . . . . . . . . . . . . . 1 . . . . Hauler Manifests 3 | . . . 1 2 . . . . . . . . . . . . . . . . . . . . . . . . . . . . . . . Registered Components 1 | . . . . . . . . . . . . . . . . . . . . . . . 1 . . . . . . . . . . . . Zone Layout 20 | . . . 1 . . . . . 1 . . . . 3 . . . . . . 1 . 2 . . . . . 4 1 5 1 1 . . Proto ID Catalog 2 | . . . . . . 1 . . . . . . . . . . . . . . . . . . . . . . . . . 1 . . . Fabricator Hacks 7 | . . . . . . . . . 2 . . . . 2 . . . . . . 2 . 1 . . . . . . . . . . . . Network Status 3 | . . . . . . . . . 1 . . . . 1 . . . . . . . . 1 . . . . . . . . . . . . Load Schematic 2 | . . . . . . . . . . . . . . 1 . . . . . . 1 . . . . . . . . . . . . . . Build 2 | . . . . . . . . . 1 . . . . . . . . . . . 1 . . . . . . . . . . . . . . Repair Station Hacks 29 | . 8 . 7 . . . 2 . 1 . . . . 1 . 6 . . . . . . 4 . . . . . . . . . . . . Scan Component 16 | . 4 . 4 . . . 1 . 1 . . . . 1 . 3 . . . . . . 2 . . . . . . . . . . . . Repair 13 | . 4 . 3 . . . 1 . . . . . . . . 3 . . . . . . 2 . . . . . . . . . . . . Recycling Unit Hacks 16 | . 1 . 2 1 2 . . . 2 . . . . 2 . 1 . . . . 2 . . . . . . 1 . 2 . . . . . Retrieve Components 16 | . 1 . 2 1 2 . . . 2 . . . . 2 . 1 . . . . 2 . . . . . . 1 . 2 . . . . . Scanalyzer 6 | . . . 1 . . . . . . . . . . 4 . 1 . . . . . . . . . . . . . . . . . . . Insert Component 5 | . . . 1 . . . . . . . . . . 3 . 1 . . . . . . . . . . . . . . . . . . . Analyze 1 | . . . . . . . . . . . . . . 1 . . . . . . . . . . . . . . . . . . . . . Garrison Access Hacks 8 | . . . . . . . . . . . . . . . . 1 . . . . 3 . 1 . . . . . 1 . 1 1 . . . Seal Access 8 | . . . . . . . . . . . . . . . . 1 . . . . 3 . 1 . . . . . 1 . 1 1 . . . Unauthorized Hacks 70 | . 5 . 7 4 10 . 4 . 5 . . . . 6 . 4 . . . . 3 . 6 . . . . 1 5 2 3 5 . . . Terminals 40 | . 5 . 7 4 6 . . . 1 . . . . 1 . 3 . . . . . . 4 . . . . . 4 . 3 2 . . . Track 2 | . . . . . . . . . 1 . . . . . . . . . . . . . . . . . . . 1 . . . . . . Assimilate 7 | . . . . . . . . . . . . . . 1 . 1 . . . . . . 2 . . . . . 1 . 2 . . . . Botnet 13 | . 2 . 2 . 1 . . . . . . . . . . 2 . . . . . . 1 . . . . . 2 . 1 2 . . . Skim 18 | . 3 . 5 4 5 . . . . . . . . . . . . . . . . . 1 . . . . . . . . . . . . Fabricators 7 | . . . . . . . . . 1 . . . . 1 . . . . . . 2 . 2 . . . . . 1 . . . . . . Prioritize 2 | . . . . . . . . . 1 . . . . . . . . . . . 1 . . . . . . . . . . . . . . Liberate 2 | . . . . . . . . . . . . . . . . . . . . . . . 1 . . . . . 1 . . . . . . Fabnet 2 | . . . . . . . . . . . . . . . . . . . . . 1 . 1 . . . . . . . . . . . . Recompile 1 | . . . . . . . . . . . . . . 1 . . . . . . . . . . . . . . . . . . . . . Repair Stations . | . . . . . . . . . . . . . . . . . . . . . . . . . . . . . . . . . . . . Recycling Units 23 | . . . . . 4 . 4 . 3 . . . . 4 . 1 . . . . 1 . . . . . . 1 . 2 . 3 . . . Tunnel 4 | . . . . . 4 . . . . . . . . . . . . . . . . . . . . . . . . . . . . . . Fedlink 17 | . . . . . . . 4 . 3 . . . . 4 . 1 . . . . 1 . . . . . . 1 . 2 . 1 . . . Scraphulk 2 | . . . . . . . . . . . . . . . . . . . . . . . . . . . . . . . . 2 . . . Scanalyzers . | . . . . . . . . . . . . . . . . . . . . . . . . . . . . . . . . . . . . Garrison Access . | . . . . . . . . . . . . . . . . . . . . . . . . . . . . . . . . . . . . Data Cores Recovered . | . . . . . . . . . . . . . . . . . . . . . . . . . . . . . . . . . . . . Used . | . . . . . . . . . . . . . . . . . . . . . . . . . . . . . . . . . . . . Hacking Detections 115 | . 4 . 12 11 9 . 7 . 9 . . . . 11 . 14 . . . . 3 . 7 . . . . 2 9 3 5 4 4 1 . Full Trace Events 12 | . 1 . 1 1 2 . 1 . 4 . . . . 1 . . . . . . 1 . . . . . . . . . . . . . . Feedback Events 2 | . . . . . . . . . 1 . . . . 1 . . . . . . . . . . . . . . . . . . . . . Corruption 2 | . . . . . . . . . 1 . . . . 1 . . . . . . . . . . . . . . . . . . . . . Feedback Blocked . | . . . . . . . . . . . . . . . . . . . . . . . . . . . . . . . . . . . . Robot Schematics Acquired 5 | . . . . . . . . . . . . 4 . . . . . . . . . . . . . . . . . . . 1 . . . Robots Built . | . . . . . . . . . . . . . . . . . . . . . . . . . . . . . . . . . . . . Authchips . | . . . . . . . . . . . . . . . . . . . . . . . . . . . . . . . . . . . . Time . | . . . . . . . . . . . . . . . . . . . . . . . . . . . . . . . . . . . . Total Robot Build Rating . | . . . . . . . . . . . . . . . . . . . . . . . . . . . . . . . . . . . . Part Schematics Acquired 22 | . . . . . . . . . . . . 14 . 1 . 1 . . 4 . . . . . . . . . . . . 2 . . . Parts Built 3 | . . . . . . . . . 2 . . . . . . . . . . . 1 . . . . . . . . . . . . . . Authchips . | . . . . . . . . . . . . . . . . . . . . . . . . . . . . . . . . . . . . Time 153 | . . . . . . . . . 128 . . . . . . . . . . . 25 . . . . . . . . . . . . . . Total Part Build Rating 17 | . . . . . . . . . 16 . . . . . . . . . . . 1 . . . . . . . . . . . . . . Parts Repaired 13 | . 4 . 3 . . . 1 . . . . . . . . 3 . . . . . . 2 . . . . . . . . . . . . Time 507 | . 104 . 140 . . . 32 . . . . . . . . 143 . . . . . . 88 . . . . . . . . . . . . Parts Recycled . | . . . . . . . . . . . . . . . . . . . . . . . . . . . . . . . . . . . . Recycled Matter . | . . . . . . . . . . . . . . . . . . . . . . . . . . . . . . . . . . . . Retrieved Matter . | . . . . . . . . . . . . . . . . . . . . . . . . . . . . . . . . . . . . Retrieved Components 49 | . 10 . 20 . 6 . . . . . . . . 3 . 3 . . . . 1 . . . . . . 3 . 3 . . . . . Parts Scanalyzed 2 | . . . . . . . . . . . . . . 1 . 1 . . . . . . . . . . . . . . . . . . . Part Schematics Acquired 1 | . . . . . . . . . . . . . . 1 . . . . . . . . . . . . . . . . . . . . . Parts Damaged 1 | . . . . . . . . . . . . . . 1 . . . . . . . . . . . . . . . . . . . . . Bothacking | -11 -10 -10 -9 -9 -9 -9 -6 -6 -6 -6 -6 -6 -5 -5 -5 -5 -5 -5 -5 -4 -4 -4 -4 -4 -4 -4 -3 -3 -3 -2 -2 -2 -1 -1 -1 ------------ Run | Yrd Mat Min Mat Sto Rec Scr Fac Was Fac Low Low Zio Pro Fac Was Fac Upp Upp Zhi Pro Fac Was Fac Upp Upp War Pro Res Tes Res Qua Frg Acc Com Ac0 Used RIF Installer . | . . . . . . . . . . . . . . . . . . . . . . . . . . . . . . . . . . . . Robots Hacked 14 | . . . . . . . . . . . . . . . . . . . . . . . . . . . . . 1 . 3 10 . . . Non-combat . | . . . . . . . . . . . . . . . . . . . . . . . . . . . . . . . . . . . . Combat 14 | . . . . . . . . . . . . . . . . . . . . . . . . . . . . . 1 . 3 10 . . . Robot Hacks Applied . | . . . . . . . . . . . . . . . . . . . . . . . . . . . . . . . . . . . . Relay Couplers Released . | . . . . . . . . . . . . . . . . . . . . . . . . . . . . . . . . . . . . Fabnet Peak Effective % 6 | . . . . . . . . . . . . . . . . . . . . . . . . . . . 6 6 6 2 2 2 . . . Autooverrided 14 | . . . . . . . . . . . . . . . . . . . . . . . . . . . . . 1 . 3 10 . . . Robots Rewired 1 | . . . . . . . . . . . . . . . . . . . . . . . . . . . . . 1 . . . . . . Allies Hacked . | . . . . . . . . . . . . . . . . . . . . . . . . . . . . . . . . . . . . Hacks Repelled 1 | . . . . . . . . . . . . . . . . . . . . . . . . . . . . . . . . 1 . . . Allies | -11 -10 -10 -9 -9 -9 -9 -6 -6 -6 -6 -6 -6 -5 -5 -5 -5 -5 -5 -5 -4 -4 -4 -4 -4 -4 -4 -3 -3 -3 -2 -2 -2 -1 -1 -1 -------- Run | Yrd Mat Min Mat Sto Rec Scr Fac Was Fac Low Low Zio Pro Fac Was Fac Upp Upp Zhi Pro Fac Was Fac Upp Upp War Pro Res Tes Res Qua Frg Acc Com Ac0 Total Allies 57 | . . . . 10 . . . . . . . 6 . 1 . 1 . . . . . 18 1 . . . . . 3 . 5 12 . . . Largest Group 18 | . . . . 10 2 2 . . . . . 6 6 1 . 1 . . . . . 18 1 . . . . . 1 . 4 2 . . . Highest-Rated Group 638 | . . . . 88 16 16 . . . . . 301 301 10 . 10 . . . . . 638 10 . . . . . 139 . 183 278 . . . Highest-Rated Ally 139 | . . . . 16 8 8 . . . . . 96 96 10 . 10 . . . . . 50 10 . . . . . 139 . 64 139 . . . Total Orders 1 | . . . . . . 1 . . . . . . . . . . . . . . . . . . . . . . . . . . . . . STAY 1 | . . . . . . 1 . . . . . . . . . . . . . . . . . . . . . . . . . . . . . Ally Attacks 230 | . . . . 68 4 . . . . . . . 32 . . . . . . . . 91 . . . . . . 3 . 5 27 . . . Total Damage 5742 | . . . . 597 35 . . . . . . . 1140 . . . . . . . . 2265 . . . . . . 156 . 247 1302 . . . Kills 27 | . . . . 12 . . . . . . . . 7 . . . . . . . . 4 . . . . . . . . . 4 . . . Allies Corrupted 2 | . . . . . . . . . . . . . 2 . . . . . . . . . . . . . . . . . . . . . . Allies Melted 6 | . . . . . . . . . . . . . 1 . . . . . . . . . . . . 1 . . . . . 4 . . . Intel | -11 -10 -10 -9 -9 -9 -9 -6 -6 -6 -6 -6 -6 -5 -5 -5 -5 -5 -5 -5 -4 -4 -4 -4 -4 -4 -4 -3 -3 -3 -2 -2 -2 -1 -1 -1 ------- Run | Yrd Mat Min Mat Sto Rec Scr Fac Was Fac Low Low Zio Pro Fac Was Fac Upp Upp Zhi Pro Fac Was Fac Upp Upp War Pro Res Tes Res Qua Frg Acc Com Ac0 Active Infowar (turns) 14841 | 10 208 . . . . . 698 20 511 149 155 483 261 470 25 866 108 88 70 126 267 93 686 78 62 1038 169 118 460 97 250 3352 291 3242 390 Optics 10299 | . . . . . . . . . . . . . . 464 25 866 108 88 70 126 267 93 686 78 62 1038 169 118 460 97 250 3352 281 1211 390 Sensors 6637 | . . . . . . . 698 20 511 149 148 483 261 470 25 866 102 88 70 126 267 93 664 78 62 215 148 107 458 97 250 181 . . . Terrain 85 | . . . . . . . . . . . . . . . . . . . . . . . . . . . . . . . . . . 4 81 Structural 7403 | . . . . . . . 696 20 511 149 155 483 261 470 25 866 108 88 63 126 267 93 664 78 62 1038 78 116 460 97 250 179 . . . Seismic 218 | 10 208 . . . . . . . . . . . . . . . . . . . . . . . . . . . . . . . . . . Machine Analysis 583 | . . . . . . . 579 4 . . . . . . . . . . . . . . . . . . . . . . . . . . . Cloaking 3813 | . . . . . . . . . . . . . . . . . . . . . . . . . . 1 . . . . . 1000 288 2524 . Jamming 984 | . . . . . . . . . . . . . . . . . . . . . . . . . . . . . . 14 7 963 . . . Robot Analysis Total 8 | . 1 . 1 . . . . . . . . . . . . . . . 4 . . . 1 . . . . . 1 . . . . . . Derelict Logs Recovered 12 | . . 1 . . . . . . . 1 1 2 1 . . . 1 2 . 1 . . . 2 . . . . . . . . . . . Drone Launches . | . . . . . . . . . . . . . . . . . . . . . . . . . . . . . . . . . . . . Drone Recoveries . | . . . . . . . . . . . . . . . . . . . . . . . . . . . . . . . . . . . . Exploration | -11 -10 -10 -9 -9 -9 -9 -6 -6 -6 -6 -6 -6 -5 -5 -5 -5 -5 -5 -5 -4 -4 -4 -4 -4 -4 -4 -3 -3 -3 -2 -2 -2 -1 -1 -1 ------------- Run | Yrd Mat Min Mat Sto Rec Scr Fac Was Fac Low Low Zio Pro Fac Was Fac Upp Upp Zhi Pro Fac Was Fac Upp Upp War Pro Res Tes Res Qua Frg Acc Com Ac0 Turns Passed 26652 | 89 926 1267 3311 1937 1822 2503 705 20 511 149 155 483 261 470 25 866 108 88 70 126 267 93 686 78 62 1038 169 118 460 97 250 3352 291 3325 474 Spaces Moved 31444 | 49 370 716 1256 692 695 1677 1924 67 1267 376 460 1215 236 1055 74 1491 115 245 196 334 700 184 1355 202 232 1341 240 341 1173 293 897 5845 469 2829 833 Core 126 | 11 . . . . . 115 . . . . . . . . . . . . . . . . . . . . . . . . . . . . . Treads 4086 | . 330 716 1256 692 695 397 . . . . . . . . . . . . . . . . . . . . . . . . . . . . . Legs 78 | 38 40 . . . . . . . . . . . . . . . . . . . . . . . . . . . . . . . . . . Wheels 1165 | . . . . . . 1165 . . . . . . . . . . . . . . . . . . . . . . . . . . . . . Hover 5334 | . . . . . . . . . . . . . . . . . . . . . . . . . . . . . . . . 1203 469 2829 833 Flight 20655 | . . . . . . . 1924 67 1267 376 460 1215 236 1055 74 1491 115 245 196 334 700 184 1355 202 232 1341 240 341 1173 293 897 4642 . . . Fastest Speed 7 | 50 120 160 160 240 240 50 25 27 27 27 28 28 28 28 27 26 28 28 25 25 25 25 15 25 25 25 18 15 15 11 11 7 33 31 17 Average Speed 55 | 123 155 160 222 240 240 145 26 27 27 27 28 28 28 28 27 26 28 28 26 25 25 25 24 25 25 25 24 21 20 16 16 25 35 42 34 Slowest Speed 240 | 200 160 160 240 240 240 240 101 27 106 28 28 28 104 28 28 28 28 28 28 25 25 25 25 25 25 101 25 23 24 17 17 105 99 104 147 Overloaded Moves 593 | . . . . . . . . . . . . . . . . . . . . . . . 20 . . . 3 9 56 31 21 237 . . 216 Propulsion Burnouts . | . . . . . . . . . . . . . . . . . . . . . . . . . . . . . . . . . . . . Robots Hopped 119 | . . . . . . . 16 . 8 1 1 . . 5 . 7 . 1 . . 5 . 13 . . 6 . 4 22 4 7 19 . . . Potential Cave-ins 15 | . . . . . . . . . . . . . 2 . . . . . . . . . . . . . . . 2 . 3 . . . 8 Cave-ins Triggered . | . . . . . . . . . . . . . . . . . . . . . . . . . . . . . . . . . . . . Teleports 4 | . . . . . . . . . . . . . . . . . . . . . . . . . . . . . . . 1 1 . 1 1 Exploration Rate (%) 58 | 6 64 99 96 93 98 93 41 72 27 65 66 87 43 29 86 44 33 54 63 69 16 84 41 57 59 89 51 15 92 13 67 70 21 58 58 Regions Visited 35 Branch Regions 21 Pre-discovered Areas 13 | . . . 1 . 4 4 1 . . . . . . . . . . . 3 . . . . . . . . . . . . . . . . Known Exits Taken 22 | . . . 1 . 1 . . . 1 1 1 1 1 . . 1 1 1 1 1 . . 1 1 1 1 1 1 1 1 1 1 . . . Unknown Exits Taken 7 | 1 1 1 . 1 . 1 . . . . . . . . . . . . . . . . . . . . . . . . . . 1 1 . Scrap Searched 29 | . . 2 . . . 8 . . . 2 2 5 1 . . . 2 1 . 1 . . . 1 2 . 2 . . . . . . . . Spaces Dug 595 | . . . 3 1 . . 20 . 32 7 4 . 17 25 . 39 18 3 . 8 15 1 35 . 1 24 9 5 31 11 10 170 78 8 20 Terrain Destroyed 2194 | . . 34 42 1 . . 20 . 32 7 6 . 17 41 . 83 38 3 . 8 15 103 35 . 1 385 59 5 65 11 73 813 163 63 71 Melee 204 | . . . 3 1 . . 20 . 23 5 3 . 6 19 . 30 . 1 . 4 15 1 24 . 1 3 5 4 18 7 8 3 . . . Projectile 285 | . . . . . . . . . 9 2 1 . 11 6 . 9 . 2 . 4 . . 11 . . . 4 1 13 4 2 16 56 63 71 AOE 1699 | . . 34 39 . . . . . . . 2 . . 16 . 44 38 . . . . 102 . . . 382 50 . 34 . 63 790 105 . . Terrain Rammed . | . . . . . . . . . . . . . . . . . . . . . . . . . . . . . . . . . . . . Walls Destroyed . | . . . . . . . . . . . . . . . . . . . . . . . . . . . . . . . . . . . . Machines Disabled . | . . . . . . . . . . . . . . . . . . . . . . . . . . . . . . . . . . . . Actions | -11 -10 -10 -9 -9 -9 -9 -6 -6 -6 -6 -6 -6 -5 -5 -5 -5 -5 -5 -5 -4 -4 -4 -4 -4 -4 -4 -3 -3 -3 -2 -2 -2 -1 -1 -1 --------- Run | Yrd Mat Min Mat Sto Rec Scr Fac Was Fac Low Low Zio Pro Fac Was Fac Upp Upp Zhi Pro Fac Was Fac Upp Upp War Pro Res Tes Res Qua Frg Acc Com Ac0 Total 38827 | 67 608 783 1590 818 825 1740 2032 68 1367 411 476 1355 410 1191 77 1855 188 260 210 367 765 219 1645 228 233 1947 331 373 1315 320 956 7384 563 4878 972 Wait 4933 | 4 150 4 182 23 116 . 41 . 12 24 1 140 149 87 . 266 62 10 . 20 41 19 223 27 . 443 67 14 79 7 19 920 14 1769 . Move 31187 | 48 369 715 1255 691 694 1676 1892 66 1250 373 457 1214 235 1046 73 1478 114 242 195 333 690 183 1329 201 231 1332 239 332 1128 285 883 5810 468 2828 832 Hop 105 | . . . . . . . 16 . 8 1 1 . . 4 . 5 . 1 . . 5 . 12 . . 2 . 4 22 3 6 15 . . . Pick Up 192 | 4 6 5 16 6 2 21 10 . 4 . 1 . . 6 1 2 1 . 1 . 3 1 3 . . 6 . 3 2 2 4 46 3 31 2 Fast Attach 180 | 7 4 8 14 4 . 10 4 1 6 1 1 . . 1 . 5 1 . 6 . 1 . 8 . 1 13 . 4 8 . 6 36 1 18 11 Attach 205 | . . . 2 . . 2 8 . 7 2 2 . 4 6 1 11 2 1 1 3 4 3 6 . . 26 5 3 14 6 6 34 6 22 18 Detach 146 | . . . . . . 2 1 . 7 2 2 . 4 5 . 11 2 2 . 3 3 3 6 . . 28 4 2 13 3 4 20 4 11 4 Swap 148 | . 5 2 13 16 . 4 7 . 3 . 3 . 1 2 1 1 2 . . . 1 . 1 . . 3 2 1 2 1 . 58 2 13 4 Drop 238 | . 4 10 17 7 . 25 14 1 8 1 2 . . 6 1 5 2 1 5 . 2 . 5 . . 15 . 5 4 . 5 48 3 32 10 Fire 943 | 4 69 34 80 45 8 . . . 9 2 3 . 11 9 . 12 2 2 . 4 . 9 10 . . 61 7 1 15 4 5 251 62 133 91 Melee 302 | . . . 3 6 . . 39 . 35 5 3 1 6 19 . 59 . 1 2 4 15 1 24 . 1 3 7 4 27 9 18 10 . . . Ram 2 | . . . . . . . . . . . . . . . . . . . . . . . . . . . . . . . . 2 . . . Kick . | . . . . . . . . . . . . . . . . . . . . . . . . . . . . . . . . . . . . Crush 31 | . 1 5 8 12 5 . . . . . . . . . . . . . . . . . . . . . . . . . . . . . . Escape Stasis 191 | . . . . . . . . . 18 . . . . . . . . . . . . . 18 . . . . . . . . 134 . 21 . Rewire 1 | . . . . . . . . . . . . . . . . . . . . . . . . . . . . . 1 . . . . . . Trap . | . . . . . . . . . . . . . . . . . . . . . . . . . . . . . . . . . . . . Miscellaneous 23 | . . . . 8 . . . . . . . . . . . . . . . . . . . . . 15 . . . . . . . . . Route ------- -11/Scrapyard -10/Materials (discovered 4 exits: *Mat x2 / *Min x2) -10/Mines (discovered 4 exits: *Mat x2 / [*Exi] / [*Sub]) -9/Materials (discovered 6 exits: [*Mat x3] / *Min / *Sto x2) -9/Storage (discovered 2 exits: [*Mat] / *Rec) -9/Recycling (discovered 2 exits: [*Fac] / *Scr) -9/Scraptown (discovered 2 exits: *Fac x2) -6/Factory (discovered 3 exits: *Fac x2 / *Low) -6/Waste -6/Factory (discovered 3 exits: *Fac / *Low x2) -6/Lower Caves -6/Lower Caves -6/Zion -5/Proximity Caves -5/Factory (discovered 4 exits: *Fac / *Upp x2 / *Ext) -5/Waste -5/Factory (discovered 4 exits: *Upp x2 / Ext x2) -5/Upper Caves -5/Upper Caves (discovered 2 exits: Fac / *Zhi) -5/Zhirov -4/Proximity Caves -4/Factory (discovered 4 exits: Res x4) -4/Waste -4/Factory (discovered 3 exits: *Res / *Upp x2) -4/Upper Caves -4/Upper Caves -4/Warlord -3/Proximity Caves -3/Research (discovered 4 exits: Res / *Arm / *Tes x2) -3/Testing -2/Research (discovered 2 exits: *Qua x2) -2/Quarantine (discovered 3 exits: *Acc / [*Sec] / *Frg) -2/Protoforge -1/Access -1/Command (discovered 3 exits: [*Sur x2] / [*Ac0]) -1/Access_0 0b11 Command History --------- Turn | Location | Event 20 | -11/Scrapyard | Discovered new exit (range 15) 90 | -11/Scrapyard | Entered Materials 257 | -10/Materials | Discovered new exit (range 13) 259 | -10/Materials | Destroyed 7 combat bots 319 | -10/Materials | Build established: Mutant 379 | -10/Materials | Repaired Lgt. Treads 406 | -10/Materials | Repaired Lgt. Treads 434 | -10/Materials | Repaired Lgt. Assault Rifle 461 | -10/Materials | Repaired Lgt. Armor Plating 499 | -10/Materials | Discovered new exit (range 8) 660 | -10/Materials | Discovered new exit (range 13) 734 | -10/Materials | Discovered new exit (range 3) 1016 | -10/Materials | Entered Mines 1067 | -10/Mines | Met a Derelict bent on vengeance 1168 | -10/Mines | Received a Rocket Launcher from a helpful Derelict 1180 | -10/Mines | Learned Materials garrison access intel 1197 | -10/Mines | Deemed a non-threat by the Exiles lab entrance 1199 | -10/Mines | Discovered new exit (range 5) 1337 | -10/Mines | Found a Scrap Suit stashed away for nefarious purposes 1451 | -10/Mines | Core integrity fell below 50% 1632 | -10/Mines | Discovered new exit (range 11) 1727 | -10/Mines | Joined a pair of Derelicts in attacking an 0b10 outpost 1815 | -10/Mines | Met a Derelict shopkeep closing up shop 1905 | -10/Mines | Discovered new exit (range 15) 1944 | -10/Mines | Discovered new exit (range 11) 1954 | -10/Mines | Found a hidden stash of uninstalled traps 2041 | -10/Mines | Build established: Scavenger-Mutant 2283 | -10/Mines | Entered Materials 2283 | -9/Materials | Evolved 2 slots: Propulsion x1, Weapon x1 2440 | -9/Materials | Discovered new exit (range 9) 2507 | -9/Materials | Repaired Hrd. Medium Armor Plating 2670 | -9/Materials | Discovered new exit (range 10) 2809 | -9/Materials | Build established: Scavenger-Tank 2849 | -9/Materials | Identified exit to Mines 2849 | -9/Materials | Identified exit to Storage 3624 | -9/Materials | Learned 2 Storage zone layouts 3660 | -9/Materials | Learned Storage trap positions 3684 | -9/Materials | Learned location of 1 exit from Recycling 3701 | -9/Materials | Learned Storage trap positions 3702 | -9/Materials | Learned Storage trap positions 3734 | -9/Materials | Learned Storage emergency access door positions 3818 | -9/Materials | Discovered new exit (range 14) 4778 | -9/Materials | Discovered new exit (range 3) 5453 | -9/Materials | Repaired Hrd. Medium Armor Plating 5518 | -9/Materials | Repaired Broken Imp. Assault Rifle 5594 | -9/Materials | Entered Storage 5596 | -9/Storage | Loaded intel: 15 trap records 6073 | -9/Storage | Build established: Tank 6352 | -9/Storage | Assisted by bots powering up and referring to "LRC-V3" 6413 | -9/Storage | Lost 4 allies 6643 | -9/Storage | Build established: Commander-Tank 7232 | -9/Storage | Discovered new exit (range 8) 7272 | -9/Storage | Build established: Tank 7524 | -9/Storage | Used back door to open Recycling access 7524 | -9/Storage | Discovered new exit (range 4) 7531 | -9/Storage | Entered Recycling 7531 | -9/Recycling | Accompanied by 2 allies 7532 | -9/Recycling | Identified exit to Scraptown 7700 | -9/Recycling | Core integrity fell below 50% 7992 | -9/Recycling | Discovered new exit (range 10) 9295 | -9/Recycling | Scanned before Scraplab entrance 9329 | -9/Recycling | Entered Scraplab 9353 | -9/Recycling | Entered Scraptown 9353 | -9/Scraptown | Accompanied by 2 allies 9740 | -9/Scraptown | Visited Comm Corps 9833 | -9/Scraptown | Visited Bundlers 10224 | -9/Scraptown | Build established: Mutant 10302 | -9/Scraptown | Discovered new exit (range 3) 10426 | -9/Scraptown | Visited Observation Area 10458 | -9/Scraptown | Visited Symbiants 10479 | -9/Scraptown | Visited IN-MT5's Study 10522 | -9/Scraptown | Visited Awakened 10554 | -9/Scraptown | Visited Cyclists 10609 | -9/Scraptown | Visited UFD Registry 10609 | -9/Scraptown | Registered with UFD as "Datacase" 10641 | -9/Scraptown | Entered Cyclist Reading Room 10749 | -9/Scraptown | Visited Cartography Club 10824 | -9/Scraptown | Learned location of Lower Caves (-6) 10824 | -9/Scraptown | Learned location of Upper Caves (-4) 10824 | -9/Scraptown | Learned location of Testing (-3) 10824 | -9/Scraptown | Learned 16 Research zone layouts 10824 | -9/Scraptown | Learned 4 Access zone layouts 10824 | -9/Scraptown | Learned 12 Lower Caves zone layouts 10824 | -9/Scraptown | Learned 8 Upper Caves zone layouts 10824 | -9/Scraptown | Learned 16 Upper Caves zone layouts 10824 | -9/Scraptown | Learned 20 Upper Caves zone layouts 10824 | -9/Scraptown | Learned 4 Hub_04(d) zone layouts 10824 | -9/Scraptown | Learned 4 Armory zone layouts 10824 | -9/Scraptown | Learned Factory emergency access door positions 10824 | -9/Scraptown | Learned location of 2 exits from Proximity Caves 10824 | -9/Scraptown | Learned location of 3 exits from Proximity Caves 10829 | -9/Scraptown | Found Deep Structural Scanner 10965 | -9/Scraptown | Visited Abandonware Association 10981 | -9/Scraptown | Learned abandonware demo "SHUTEYE.EXE" 11022 | -9/Scraptown | Visited Chapter 10 11140 | -9/Scraptown | Discovered new exit (range 5) 11187 | -9/Scraptown | Visited Derelict Rescue Squad 11235 | -9/Scraptown | Visited Scrap Suit Storage 11254 | -9/Scraptown | Visited Junk Cannon Lab 11263 | -9/Scraptown | Found Prototype Special Weapon 11263 | -9/Scraptown | Identified Junk Cannon 11288 | -9/Scraptown | Visited Junk Repository 11343 | -9/Scraptown | Visited Junk Repository 11380 | -9/Scraptown | Visited Science Guys 11793 | -9/Scraptown | Met Optimus 11793 | -9/Scraptown | Accepted into 0bPrime 11856 | -9/Scraptown | Entered Factory 11856 | -6/Factory | Evolved 6 slots: Propulsion x2, Utility x4 11882 | -6/Factory | Discovered new exit (range 13) 12013 | -6/Factory | Discovered new exit (range 16) 12020 | -6/Factory | Identified exit to Factory 12042 | -6/Factory | Loaded intel: 8 recycling unit locations 12074 | -6/Factory | Learned location of Protoforge (-2) 12180 | -6/Factory | Build established: Scout 12348 | -6/Factory | Repaired VTOL Module 12368 | -6/Factory | Discovered new exit (range 15) 12372 | -6/Factory | Identified exit to Lower Caves 12526 | -6/Factory | Spotted B-75 Beast 12561 | -6/Factory | Manually triggered Chute Trap 12561 | -6/Factory | Sucked down chute 12561 | -6/Factory | Entered Waste 12570 | -6/Waste | Spotted C-40 Crusher 12576 | -6/Waste | EMP discharged 12576 | -6/Waste | Spotted C-40 Crusher 12578 | -6/Waste | Spotted C-40 Crusher 12578 | -6/Waste | Discovered new exit (range 10) 12578 | -6/Waste | Spotted C-40 Crusher 12581 | -6/Waste | Identified exit to Factory 12581 | -6/Waste | Entered Factory 12611 | -6/Factory | Loaded intel: 8 recycling unit locations 12768 | -6/Factory | Discovered exit to Factory (range 4) 13009 | -6/Factory | System corruption reached 10% 13020 | -6/Factory | Fabricated Q-thruster? 13092 | -6/Factory | Entered Lower Caves 13093 | -6/Lower Caves | Identified exit to Lower Caves 13176 | -6/Lower Caves | Found DCF Scrap (11 items) 13205 | -6/Lower Caves | Learned Factory stockpile data 13241 | -6/Lower Caves | Entered another Lower Caves area 13284 | -6/Lower Caves | Encountered a Warlord checkpoint 13388 | -6/Lower Caves | Discovered new exit (range 6) 13395 | -6/Lower Caves | Identified exit to Zion 13396 | -6/Lower Caves | Entered Zion 13397 | -6/Zion | Identified exit to Proximity Caves 13405 | -6/Zion | Received a hallucinogenic algorithm 13414 | -6/Zion | Given A8's code to call for help 13447 | -6/Zion | System corruption cleaned by Quarantine Array 13457 | -6/Zion | Learned Factory emergency access door positions 13469 | -6/Zion | Learned Factory emergency access door positions 13477 | -6/Zion | Learned Factory interactive machine intel 13580 | -6/Zion | Gained Derelict followers 13632 | -6/Zion | Turned away by Imprinter 13736 | -6/Zion | Enhanced Grunt warped into view, answering call for help 13737 | -6/Zion | Enhanced Grunt warped into view, answering call for help 13879 | -6/Zion | Entered Proximity Caves 13879 | -5/Proximity Caves | Accompanied by 6 allies 14118 | -5/Proximity Caves | Spotted B-75 Beast 14139 | -5/Proximity Caves | Learned Factory non-interactive machine intel 14140 | -5/Proximity Caves | Entered Factory 14140 | -5/Factory | Evolved 2 slots: Propulsion x1, Utility x1 14143 | -5/Factory | Loaded intel: 241 non-interactive machine locations 14144 | -5/Factory | Loaded intel: 56 interactive machine locations 14159 | -5/Factory | Loaded intel: 8 recycling unit locations 14226 | -5/Factory | Discovered new exit (range 5) 14227 | -5/Factory | Identified exit to Upper Caves 14363 | -5/Factory | Discovered exit to Upper Caves (range 10) 14487 | -5/Factory | Discovered new exit (range 17) 14519 | -5/Factory | Discovered new exit (range 13) 14610 | -5/Factory | Sucked down chute 14610 | -5/Factory | Entered Waste 14613 | -5/Waste | Spotted C-40 Crusher 14613 | -5/Waste | Spotted C-40 Crusher 14618 | -5/Waste | Spotted C-40 Crusher 14622 | -5/Waste | Spotted C-40 Crusher 14625 | -5/Waste | EMP discharged 14627 | -5/Waste | Spotted C-40 Crusher 14627 | -5/Waste | Spotted C-40 Crusher 14632 | -5/Waste | Discovered new exit (range 10) 14634 | -5/Waste | Identified exit to Factory 14635 | -5/Waste | Entered Factory 14858 | -5/Factory | Repaired Impulse Thruster Array 15046 | -5/Factory | Repaired Nuclear Pulse Thruster 15075 | -5/Factory | Loaded intel: 8 recycling unit locations 15114 | -5/Factory | Identified exit to Extension 15266 | -5/Factory | Repaired Lgt. Fission Core 15501 | -5/Factory | Entered Upper Caves 15502 | -5/Upper Caves | Identified exit to Upper Caves 15533 | -5/Upper Caves | Encountered a Warlord checkpoint 15609 | -5/Upper Caves | Entered another Upper Caves area 15610 | -5/Upper Caves | Identified exit to Factory 15610 | -5/Upper Caves | Discovered new exit (range 113) 15673 | -5/Upper Caves | Learned Factory trap positions 15675 | -5/Upper Caves | Encountered a Warlord checkpoint 15677 | -5/Upper Caves | Learned Factory interactive machine intel 15691 | -5/Upper Caves | Identified exit to Zhirov 15697 | -5/Upper Caves | Entered Zhirov 15697 | -5/Zhirov | Discovered new exit (range 3) 15703 | -5/Zhirov | Met Zhirov 15708 | -5/Zhirov | Learned location of Quarantine (-2) 15708 | -5/Zhirov | Learned location of Command (-1) 15712 | -5/Zhirov | Zhirov requested help retrieving the SGEMP Prototype 15717 | -5/Zhirov | Found Alien Artifact 15717 | -5/Zhirov | Identified Integrated Dissipator 15717 | -5/Zhirov | Installed Integrated Dissipator, increased core heat dissipation (+20) 15724 | -5/Zhirov | Found Alien Artifact 15767 | -5/Zhirov | Identified exit to Proximity Caves 15767 | -5/Zhirov | Entered Proximity Caves 15799 | -4/Proximity Caves | Learned Research stockpile data 15893 | -4/Proximity Caves | Entered Factory 15893 | -4/Factory | Evolved 2 slots: Utility x2 15894 | -4/Factory | Identified exit to Research 15895 | -4/Factory | Loaded intel: 81 trap records 15896 | -4/Factory | Loaded intel: 54 interactive machine locations 15965 | -4/Factory | Fabricated Lrg. Storage Unit (x1) 16099 | -4/Factory | Loaded intel: 8 recycling unit locations 16109 | -4/Factory | Spotted B-86 Titan 16160 | -4/Factory | Manually triggered Chute Trap 16160 | -4/Factory | Sucked down chute 16160 | -4/Factory | Entered Waste 16171 | -4/Waste | Met Warlord forces unprepared to attack 16175 | -4/Waste | EMP discharged 16184 | -4/Waste | Spotted C-40 Crusher 16184 | -4/Waste | Spotted C-40 Crusher 16186 | -4/Waste | Spotted C-40 Crusher 16187 | -4/Waste | Spotted C-40 Crusher 16195 | -4/Waste | Destroyed C-40 Crusher 16195 | -4/Waste | Destroyed C-40 Crusher 16200 | -4/Waste | Spotted C-40 Crusher 16200 | -4/Waste | Spotted C-40 Crusher 16219 | -4/Waste | Destroyed C-40 Crusher 16222 | -4/Waste | Allies destroyed C-40 Crusher 16226 | -4/Waste | Allies destroyed C-40 Crusher 16243 | -4/Waste | Build established: Hacker-Scout 16247 | -4/Waste | Allies destroyed C-40 Crusher 16250 | -4/Waste | Discovered new exit (range 12) 16253 | -4/Waste | Identified exit to Factory 16253 | -4/Waste | Entered Factory 16278 | -4/Factory | Lost 4 allies 16300 | -4/Factory | Identified exit to Upper Caves 16364 | -4/Factory | Repaired Imp. Light Armor Plating 16714 | -4/Factory | Repaired Lgt. Fission Core 16919 | -4/Factory | Discovered exit to Research (range 7) 16939 | -4/Factory | Entered Upper Caves 16971 | -4/Upper Caves | Learned Research emergency access door positions 16974 | -4/Upper Caves | Learned Research terminal intel 17015 | -4/Upper Caves | Discovered new exit (range 7) 17017 | -4/Upper Caves | Identified exit to Upper Caves 17017 | -4/Upper Caves | Entered another Upper Caves area 17050 | -4/Upper Caves | Encountered a Warlord checkpoint 17071 | -4/Upper Caves | Discovered new exit (range 14) 17079 | -4/Upper Caves | Identified exit to Warlord 17079 | -4/Upper Caves | Entered Warlord 17080 | -4/Warlord | Identified exit to Proximity Caves 17088 | -4/Warlord | System corruption cleaned by Quarantine Array 17136 | -4/Warlord | Found Prototype Hackware 17140 | -4/Warlord | Found Prototype Processor 17140 | -4/Warlord | Identified Exp. Armor Integrity Analyzer 17142 | -4/Warlord | Found Prototype Device 17142 | -4/Warlord | Identified System Purifier 17151 | -4/Warlord | Found Prototype Device 17151 | -4/Warlord | Identified Exp. Cloaking Device 17254 | -4/Warlord | Warlord's base attacked by MAIN.C 17280 | -4/Warlord | Found Prototype Energy Cannon 17280 | -4/Warlord | Identified Vortex Cannon 17296 | -4/Warlord | Rebuked by Warlord 17306 | -4/Warlord | Spotted B-86 Titan 17337 | -4/Warlord | Spotted B-90 Cyclops 17353 | -4/Warlord | Destroyed B-90 Cyclops 17492 | -4/Warlord | Warlord forces counterattacked 17603 | -4/Warlord | Lost 3 allies 17617 | -4/Warlord | Spotted Striker 17654 | -4/Warlord | Spotted Striker 17655 | -4/Warlord | Build established: Hacker-Sprinter 17712 | -4/Warlord | Lost 22 allies 17718 | -4/Warlord | Spotted Executioner 17871 | -4/Warlord | Spotted Striker 17929 | -4/Warlord | Warlord base infiltrated, sounded retreat 18081 | -4/Warlord | Spotted Striker 18081 | -4/Warlord | Spotted Executioner 18081 | -4/Warlord | Spotted Striker 18117 | -4/Warlord | Entered Proximity Caves 18120 | -3/Proximity Caves | Spotter reported a threat 18133 | -3/Proximity Caves | Lost 8 allies 18205 | -3/Proximity Caves | Spotter reported a threat 18258 | -3/Proximity Caves | Spotter reported a threat 18286 | -3/Proximity Caves | Entered Research 18286 | -3/Research | Evolved 2 slots: Power x1, Propulsion x1 18287 | -3/Research | Identified exit to Armory 18288 | -3/Research | Identified exit to Testing 18288 | -3/Research | Identified exit to Research 18291 | -3/Research | Loaded intel: 23 terminal locations 18295 | -3/Research | Identified Ghost Barrier 18316 | -3/Research | Loaded intel: 5 recycling unit locations 18389 | -3/Research | Discovered exit to Testing (range 11) 18404 | -3/Research | Entered Testing 18414 | -3/Testing | Found Prototype Device 18415 | -3/Testing | Identified AEGIS Remote Shield 18433 | -3/Testing | Found Prototype Ballistic Gun 18433 | -3/Testing | Identified Hyp. Multirail 18468 | -3/Testing | Build established: Hacker-Scout 18472 | -3/Testing | Found Prototype Energy Gun 18472 | -3/Testing | Identified Warp Gun 18501 | -3/Testing | Found Prototype Energy Cannon 18501 | -3/Testing | Identified Null Cannon 18607 | -3/Testing | Discovered exit to Research (range 9) 18733 | -3/Testing | Spotted Alpha 7 18751 | -3/Testing | Rewired PG-7E1BOVL34G 18864 | -3/Testing | Entered Research 18864 | -2/Research | Evolved 2 slots: Propulsion x1, Utility x1 18930 | -2/Research | Loaded intel: 5 recycling unit locations 18936 | -2/Research | Identified exit to Quarantine 18947 | -2/Research | Spotted B-90 Cyclops 18961 | -2/Research | Entered Quarantine 18965 | -2/Quarantine | Found Alien Artifact 19013 | -2/Quarantine | Discovered new exit (range 15) 19016 | -2/Quarantine | Spotted Alpha 7 19073 | -2/Quarantine | Cryocooling Duct disabled 19088 | -2/Quarantine | Ambient heat levels rising (+20) 19088 | -2/Quarantine | Non-combat units ordered to evacuate 19163 | -2/Quarantine | Found Alien Slashing Weapon 19163 | -2/Quarantine | Identified Sigix Broadsword 19175 | -2/Quarantine | Found Alien Artifact 19175 | -2/Quarantine | Identified Dimensional Node Initializer 19175 | -2/Quarantine | Initialized slip node 19177 | -2/Quarantine | Found Dimensional Node Initializer 19179 | -2/Quarantine | Found Alien Artifact 19179 | -2/Quarantine | Identified Transdimensional Reconstructor (x2) 19179 | -2/Quarantine | Warped through subspace to slip node 19184 | -2/Quarantine | Identified Subatomic Replicator 19184 | -2/Quarantine | Used Subatomic Replicator to create Alien Artifact 19197 | -2/Quarantine | Spotted Fortress 19208 | -2/Quarantine | Discovered new exit (range 6) 19208 | -2/Quarantine | Discovered new exit (range 6) 19209 | -2/Quarantine | Identified exit to Protoforge 19211 | -2/Quarantine | Entered Protoforge 19226 | -2/Protoforge | Identified exit to Access 19244 | -2/Protoforge | Spotted Hotshot 19265 | -2/Protoforge | Spotted Hotshot 19278 | -2/Protoforge | Spotted Hotshot 19278 | -2/Protoforge | Spotted Hotshot 19315 | -2/Protoforge | Superfortress began startup sequence 19412 | -2/Protoforge | Spotted EXE-6 19412 | -2/Protoforge | Spotted EXE-6 19419 | -2/Protoforge | Spotted SKR-2 19420 | -2/Protoforge | Spotted SKR-2 19420 | -2/Protoforge | Spotted SKR-2 19424 | -2/Protoforge | Lost 12 parts (2p6n3u1w) 19426 | -2/Protoforge | UFD initiated attack on Protoforge 19426 | -2/Protoforge | Loaded intel: 3 recycling unit locations 19462 | -2/Protoforge | Optimus greeted in Protoforge 19463 | -2/Protoforge | Found Prototype Ballistic Gun 19466 | -2/Protoforge | Found Prototype Processor 19466 | -2/Protoforge | Identified Exp. Core Analyzer 19469 | -2/Protoforge | Found Prototype Device 19469 | -2/Protoforge | Identified Exp. Kinecellerator 19491 | -2/Protoforge | Lost 4 allies 19555 | -2/Protoforge | Initialized slip node 19557 | -2/Protoforge | Met 7R-MNS 19586 | -2/Protoforge | Identified Supercharged TR 19586 | -2/Protoforge | Warped through subspace to slip node 19587 | -2/Protoforge | Optimus attacked Superfortress 19587 | -2/Protoforge | Core integrity fell below 50% 19588 | -2/Protoforge | Core integrity fell below 20% 19588 | -2/Protoforge | Spotted Striker 19600 | -2/Protoforge | Spotted Striker 19604 | -2/Protoforge | Found Prototype Protection 19606 | -2/Protoforge | Found Prototype Protection 19606 | -2/Protoforge | Identified Centrium Heavy Armor Plating (x2) 19611 | -2/Protoforge | Found Prototype Launcher 19611 | -2/Protoforge | Identified Com. Tesla Bomb Launcher 19621 | -2/Protoforge | Identified Cep. XC Strikerail 19626 | -2/Protoforge | Lost 3 allies 19667 | -2/Protoforge | Scraphulk reinforcements arrived 19669 | -2/Protoforge | Scraphulk reinforcements arrived 19717 | -2/Protoforge | Forge Plexus network access discovered 19729 | -2/Protoforge | Spotted Executioner 19754 | -2/Protoforge | Spotted Striker 19754 | -2/Protoforge | Spotted Striker 19772 | -2/Protoforge | Spotted Striker 19781 | -2/Protoforge | Allies destroyed Executioner 19815 | -2/Protoforge | Spotted Executioner 19828 | -2/Protoforge | Build established: Scavenger-Sprinter 19831 | -2/Protoforge | Spotted Striker 19831 | -2/Protoforge | Spotted Striker 19842 | -2/Protoforge | Spotted Executioner 19978 | -2/Protoforge | Spotted Striker 20002 | -2/Protoforge | Destroyed Striker 20048 | -2/Protoforge | Found Crosscalibrator 20055 | -2/Protoforge | Spotted Immortal 20055 | -2/Protoforge | Spotted Immortal 20058 | -2/Protoforge | Spotted Decapitator 20058 | -2/Protoforge | Spotted Decapitator 20058 | -2/Protoforge | Spotted Decapitator 20058 | -2/Protoforge | Spotted Decapitator 20139 | -2/Protoforge | Found Cep. Fieldthrust Drive 20226 | -2/Protoforge | Spotted V963-x 20232 | -2/Protoforge | Spotted V524-v 20233 | -2/Protoforge | Found Cep. Chromion Battery 20239 | -2/Protoforge | Found Cep. Antigrav Storage Unit 20243 | -2/Protoforge | Found Cep. NT7 Matterbank 20244 | -2/Protoforge | Found Cep. Matter Streamer 20276 | -2/Protoforge | Found Cep. Core Shell 20277 | -2/Protoforge | Found Faulty Cep. Energy Mantle 20279 | -2/Protoforge | Found Faulty Cep. Energy Mantle 20281 | -2/Protoforge | Spotted V048-n 20281 | -2/Protoforge | Spotted V190-n 20281 | -2/Protoforge | Spotted V744-a 20281 | -2/Protoforge | Spotted V143-u 20288 | -2/Protoforge | Found Cep. Core Shell 20325 | -2/Protoforge | Spotted Decapitator 20325 | -2/Protoforge | Spotted Decapitator 20325 | -2/Protoforge | Spotted V052-a 20325 | -2/Protoforge | Spotted V724-g 20325 | -2/Protoforge | Spotted Decapitator 20343 | -2/Protoforge | Found Exp. Jetlance 20347 | -2/Protoforge | Found Exp. Jetlance 20349 | -2/Protoforge | Found Cep. Plasma Driver 20350 | -2/Protoforge | Found Faulty Exp. Jetlance 20372 | -2/Protoforge | Spotted Decapitator 20376 | -2/Protoforge | Destroyed Decapitator 20410 | -2/Protoforge | Found Cep. Zero-point Core 20511 | -2/Protoforge | Found Cep. Zero-point Core 20514 | -2/Protoforge | Spotted V956-n 20523 | -2/Protoforge | Found Cep. Zero-point Core 20544 | -2/Protoforge | Spotted Immortal 20565 | -2/Protoforge | Spotted V583-i 20569 | -2/Protoforge | Found Faulty Cep. Arcsight Missile Launcher 20575 | -2/Protoforge | Found Faulty Cep. Arcsight Missile Launcher 20685 | -2/Protoforge | Destroyed Immortal 20690 | -2/Protoforge | Found Prototype Processor 20690 | -2/Protoforge | Identified Exp. Melee Analysis Suite 20692 | -2/Protoforge | Found Exp. Jetlance 20922 | -2/Protoforge | Found Mni. Quantum Capacitor 20946 | -2/Protoforge | Spotted AP7-3 20963 | -2/Protoforge | Spotted AP7-3 21008 | -2/Protoforge | Found Cep. Helical Railcannon 21229 | -2/Protoforge | Spotted Executioner 21229 | -2/Protoforge | Spotted Striker 21229 | -2/Protoforge | Spotted Executioner 21260 | -2/Protoforge | Spotted Executioner 21260 | -2/Protoforge | Spotted Striker 21261 | -2/Protoforge | Local machine network offline 21263 | -2/Protoforge | Spotted Executioner 21276 | -2/Protoforge | Spotted Striker 21326 | -2/Protoforge | UFD reported confirmed Drillbomb installation 21436 | -2/Protoforge | Found Cep. Antimissile System 21473 | -2/Protoforge | Found Cep. Cloak Mesh 21474 | -2/Protoforge | Found Cep. Thermoelectric Network 21513 | -2/Protoforge | Found Faulty Cep. Plasma Driver 21528 | -2/Protoforge | Found Cep. Core Shell 21534 | -2/Protoforge | Found Cep. RG22 Armor 21648 | -2/Protoforge | Found Cep. Gyrokinetic System 21649 | -2/Protoforge | Found Cep. Combat Aerolev Unit 21710 | -2/Protoforge | Found Faulty Cep. XC Strikerail 21711 | -2/Protoforge | Found Faulty Cep. XC Strikerail 21715 | -2/Protoforge | Found Faulty Cep. XC Strikerail 21760 | -2/Protoforge | P-80 Master assimilated allied 02F41-K 21760 | -2/Protoforge | Spotted 02F41-K 21762 | -2/Protoforge | Spotted Striker 21821 | -2/Protoforge | Lost 5 allies 21886 | -2/Protoforge | Spotted Striker 21889 | -2/Protoforge | Spotted Striker 21900 | -2/Protoforge | Destroyed Striker 21924 | -2/Protoforge | Found Exp. Targeting Computer 21931 | -2/Protoforge | Lost 5 allies 21938 | -2/Protoforge | Spotted Executioner 21939 | -2/Protoforge | Spotted Striker 21957 | -2/Protoforge | Spotted Striker 21980 | -2/Protoforge | Spotted Executioner 21983 | -2/Protoforge | Destroyed Executioner 21997 | -2/Protoforge | Spotted Executioner 21997 | -2/Protoforge | Spotted Executioner 22002 | -2/Protoforge | Spotted Striker 22005 | -2/Protoforge | Spotted Striker 22028 | -2/Protoforge | Destroyed 11 combat bots 22065 | -2/Protoforge | Spotted Striker 22071 | -2/Protoforge | Spotted Striker 22072 | -2/Protoforge | Spotted Executioner 22073 | -2/Protoforge | Destroyed Executioner 22083 | -2/Protoforge | Destroyed Striker 22104 | -2/Protoforge | Destroyed 12 combat bots 22110 | -2/Protoforge | Lost 14 allies 22127 | -2/Protoforge | Spotted Striker 22128 | -2/Protoforge | Spotted Striker 22133 | -2/Protoforge | Destroyed Striker 22137 | -2/Protoforge | Spotted Executioner 22144 | -2/Protoforge | Destroyed Executioner 22146 | -2/Protoforge | Spotted Executioner 22160 | -2/Protoforge | Spotted Executioner 22173 | -2/Protoforge | Spotted Executioner 22176 | -2/Protoforge | Destroyed 7 combat bots 22177 | -2/Protoforge | Found Exp. Core Analyzer 22181 | -2/Protoforge | Murdered 3 allies 22189 | -2/Protoforge | Lost 4 allies 22194 | -2/Protoforge | Spotted Hotshot 22194 | -2/Protoforge | Spotted Hotshot 22196 | -2/Protoforge | Destroyed Hotshot 22204 | -2/Protoforge | Spotted Executioner 22209 | -2/Protoforge | Spotted Striker 22209 | -2/Protoforge | Destroyed Striker 22213 | -2/Protoforge | Spotted Executioner 22213 | -2/Protoforge | Destroyed Executioner 22217 | -2/Protoforge | Destroyed Hotshot 22217 | -2/Protoforge | Destroyed Hotshot 22235 | -2/Protoforge | Spotted Executioner 22240 | -2/Protoforge | Destroyed 14 combat bots 22241 | -2/Protoforge | Destroyed Executioner 22280 | -2/Protoforge | Destroyed Hotshot 22280 | -2/Protoforge | Destroyed Hotshot 22283 | -2/Protoforge | Spotted Striker 22284 | -2/Protoforge | Spotted Striker 22290 | -2/Protoforge | Destroyed Striker 22337 | -2/Protoforge | Spotted Executioner 22340 | -2/Protoforge | Spotted Executioner 22341 | -2/Protoforge | Destroyed Executioner 22345 | -2/Protoforge | Destroyed Executioner 22362 | -2/Protoforge | Found Exp. Targeting Computer 22378 | -2/Protoforge | Destroyed 12 combat bots 22382 | -2/Protoforge | Spotted Striker 22386 | -2/Protoforge | Spotted Executioner 22386 | -2/Protoforge | Spotted Striker 22457 | -2/Protoforge | Lost 5 allies 22469 | -2/Protoforge | Destroyed Executioner 22472 | -2/Protoforge | Spotted Executioner 22476 | -2/Protoforge | Destroyed Executioner 22477 | -2/Protoforge | Spotted Executioner 22491 | -2/Protoforge | Spotted Striker 22492 | -2/Protoforge | Destroyed Striker 22499 | -2/Protoforge | Spotted Striker 22513 | -2/Protoforge | Spotted Executioner 22517 | -2/Protoforge | Destroyed Executioner 22517 | -2/Protoforge | Spotted Striker 22519 | -2/Protoforge | Destroyed Executioner 22523 | -2/Protoforge | Destroyed Striker 22525 | -2/Protoforge | Spotted Striker 22530 | -2/Protoforge | Destroyed Striker 22560 | -2/Protoforge | Destroyed 16 combat bots 22563 | -2/Protoforge | Entered Access 22563 | -1/Access | Evolved 2 slots: Power x1, Utility x1 22593 | -1/Access | Spotted Striker 22593 | -1/Access | Spotted Striker 22604 | -1/Access | Destroyed Striker 22606 | -1/Access | Destroyed Striker 22647 | -1/Access | Spotted Executioner 22647 | -1/Access | Spotted Executioner 22659 | -1/Access | Destroyed Executioner 22666 | -1/Access | Destroyed Executioner 22668 | -1/Access | Found Exp. Core Analyzer 22734 | -1/Access | Spotted Executioner 22744 | -1/Access | Spotted B-99 Colossus 22744 | -1/Access | Spotted Executioner 22746 | -1/Access | Destroyed Executioner 22754 | -1/Access | Destroyed Executioner 22787 | -1/Access | Spotted Striker 22792 | -1/Access | Spotted Striker 22794 | -1/Access | High security lockdown imminent 22794 | -1/Access | Destroyed Striker 22809 | -1/Access | Destroyed Striker 22845 | -1/Access | Destroyed 8 combat bots 22852 | -1/Access | Discovered new exit (range 6) 22854 | -1/Access | Entered Command 22879 | -1/Command | Spotted Executioner 22879 | -1/Command | Spotted Executioner 22887 | -1/Command | Destroyed Executioner 22892 | -1/Command | Destroyed Executioner 22938 | -1/Command | Spotted Striker 22939 | -1/Command | Spotted Striker 22940 | -1/Command | Destroyed Striker 22942 | -1/Command | Destroyed Striker 23003 | -1/Command | Found Exp. Targeting Computer 23022 | -1/Command | Spotted M Guard 23022 | -1/Command | Spotted M Guard 23022 | -1/Command | Spotted Combat Programmer 23023 | -1/Command | Spotted Combat Programmer 23026 | -1/Command | Destroyed M Guard 23047 | -1/Command | Destroyed Combat Programmer 23057 | -1/Command | Destroyed Combat Programmer 23062 | -1/Command | System corruption reached 10% 23072 | -1/Command | Destroyed M Guard 23072 | -1/Command | All MAIN.C guards destroyed 23082 | -1/Command | Found Prototype Launcher 23083 | -1/Command | Found Prototype Reactor 23093 | -1/Command | Found Prototype Protection 23093 | -1/Command | Identified Hvy. Regenerative Plating 23096 | -1/Command | Found Prototype Device 23096 | -1/Command | Identified Thermal Barrier 23098 | -1/Command | Destroyed 11 combat bots 23104 | -1/Command | First assault squad dispatched 23108 | -1/Command | Met MAIN.C 23115 | -1/Command | 0b10 Conduit disabled 23172 | -1/Command | Destroyed MAIN.C Shell 23175 | -1/Command | MAIN.C activated Command garrisons 23250 | -1/Command | Destroyed MAIN.C 23258 | -1/Command | Identified Zero-point Reactor 23258 | -1/Command | Identified Ragnarok Missile Launcher 23258 | -1/Command | Discovered new exit (range 46) 23258 | -1/Command | Discovered new exit (range 96) 23258 | -1/Command | Extracted map data and part IDs from MAIN.C's data core 23264 | -1/Command | Found Exp. Powered Armor 23273 | -1/Command | Lost 7 parts (1p2n4u) 23679 | -1/Command | Build established: Scavenger-Mutant 25071 | -1/Command | Found Cld. Nova Cannon 25073 | -1/Command | Found Thermal Barrier 25075 | -1/Command | Found Exp. System Purifier 25078 | -1/Command | Found Zero-point Reactor 25304 | -1/Command | Found Exp. Targeting Computer 25317 | -1/Command | Found Exp. Targeting Computer 25387 | -1/Command | Found Exp. Terrain Scanner 25597 | -1/Command | Found Quantum Capacitor 26172 | -1/Command | Warped through subspace to slip node 26172 | -1/Command | Discovered new exit (range 4) 26179 | -1/Command | Entered Access_0 26180 | -1/Access_0 | Met Architect 26213 | -1/Access_0 | Found Exp. Terrain Scan Processor 26232 | -1/Access_0 | A6 warped into view 26242 | -1/Access_0 | Destroyed A6 26256 | -1/Access_0 | Architect warped through subspace 26259 | -1/Access_0 | Destroyed A8 26281 | -1/Access_0 | Found Hpw. Transdimensional Reconstructor 26285 | -1/Access_0 | Core integrity fell below 50% 26289 | -1/Access_0 | Subspace Access Node disabled 26312 | -1/Access_0 | Subspace Access Node disabled 26333 | -1/Access_0 | Lost 3 parts (2n1u) 26365 | -1/Access_0 | A5 warped into view 26366 | -1/Access_0 | Found Centrium Heavy Armor Plating 26452 | -1/Access_0 | Architect warped through subspace 26473 | -1/Access_0 | Architect warped through subspace 26481 | -1/Access_0 | A4 warped into view 26505 | -1/Access_0 | Subspace Access Node disabled 26511 | -1/Access_0 | Architect warped through subspace 26527 | -1/Access_0 | Subspace Access Node disabled 26602 | -1/Access_0 | Lost 6 parts (2n2u2w) 26605 | -1/Access_0 | Core integrity fell below 20% 26641 | -1/Access_0 | Warped through subspace to slip node 26641 | -1/Access_0 | Discovered new exit (range 8) 26653 | *** | Establishing 0b11! Last Messages --------------- 26633_ Overload: Energy bleed (-161). 26634_ Cmb. Antigrav System destroyed. 26634_ Cmb. Linear Gravjet destroyed. 26636_ Penetrated by Quantum Shear. 26636_ Cmb. Antigrav System destroyed. 26638_ Penetrated by Quantum Shear. 26640_ Cld. Nova Cannon destroyed. 26640_ Cep. Antigrav Storage Unit destroyed. 26641_ Penetrated by Quantum Shear. 26641_ Acquired Hpw. Transdimensional Reconstructor. 26641_ Warped through subspace, drawn to slip node. 26641_ EXIT=FOUND 26643_ A0_RES: I have more important things to do than play hide-and-seek. Deal with this piece of junk if it returns. 26652_ Dropped Centrium Medium Armor Plating. 26652_ Dropped Hyb. Graviton Reactor. [Achievement: Commander 0b11] Map ----- +----------------------------------------------------+ | | | | | | | | | | | | | | | | | | | | | | | | | | | | | | | | | ?????????????????????????????????????????????????? | | ?????????????????????????????????????????????????? | | ?????????????????????????????????????????????????? | | ?????????????????????????????????????????????????? | | ?????????????????????????????????????????????????? | | ?????????????????????????????????????????????????? | | ????????????????????????###??????????????????????? | | ???????????????????????## ##?????????????????????? | | ???????????????????????# #?????????????????????? | | ???????????????????????# @ #?????????????????????? | | ??????????????????????## !*#?????????????????????? | | ??????????????????????# #?????????????????????? | | ??????????????????????# ##?????????????????????? | | ??????????????????????## #?????????????????????? | | ??????????????????????# #?????????????????????? | | ??????????????????????# ##?????????????????????? | | ??????????????????????# < #?????????????????????? | | ??????????????????????# ##?????????????????????? | | ??????????????????????## #??????????????????????? | | ???????????????????????####??????????????????????? | | ?????????????????????????????????????????????????? | | ?????????????????????????????????????????????????? | | ?????????????????????????????????????????????????? | | ?????????????????????????????????????????????????? | | ?????????????????????????????????????????????????? | | ?????????????????????????????????????????????????? | | ?????????????????????????????????????????????????? | | ?????????????????????????????????????????????????? | | ?????????????????????????????????????????????????? | | ?????????????????????????????????????????????????? | | ?????????????????????????????????????????????????? | | #?#??#???????????????????????????????????????????? | | #???#????????????????????????????????????????????? | | ??##?????????????????????????????????????????????? | +----------------------------------------------------+ Best States ------------- Heat Dissipation 88 Energy Generation 73 Energy Capacity 2820 Matter Stores 1050 Matter Capacity 1050 Sight Range 23 Robot Scan Range 18 Terrain Scan Range 30 Terrain Scan Density 1010 Jamming Range 16 Cloak Strength 6 Armor Coverage 1000 Core Shielding 90 Point Defense Rating 480 Evasion (%) 82 Targeting Accuracy 24 Core Analysis 12 Armor Integrity Analysis 40 Recoil Reduction 3 Kinecelleration 66 Offensive Hacking 40 Defensive Hacking 20 Authchip Count 1 Item Schematics ----------------- IFF Parser | -6/Zion | Archive Hvy. Phase Cannon | -6/Zion | Archive Imp. Target Analyzer | -6/Zion | Archive Hyp. Coil Gun | -6/Zion | Archive Hvy. Machine Gun | -6/Zion | Archive Adv. Terrain Scanner | -6/Zion | Archive Tesla Rifle | -6/Zion | Archive Adv. Thermal Shield | -6/Zion | Archive Adv. Drone Bay | -6/Zion | Archive Impulse Thruster | -6/Zion | Archive Adv. Melee Analysis Suite | -6/Zion | Archive Adv. Signal Interpreter | -6/Zion | Archive Imp. Shock Absorption System | -6/Zion | Archive Imp. Particle Charger | -6/Zion | Archive Cld. VTOL Module | -5/Factory | Scanalyzed Lrg. Storage Unit | -5/Factory | Hacked Assault Drone Bay | -5/Zhirov | Free Exp. Heat Sink | -5/Zhirov | Free Exp. Optical Array | -5/Zhirov | Free Imp. Arc Thrower | -5/Zhirov | Free Exp. Gyrokinetic Inverter | -2/Protoforge | Archive Exp. Biometal Medium Treads | -2/Protoforge | Archive Robot Schematics ------------------ L-41 Fighter | -6/Zion | Archive S-27 Virus | -6/Zion | Archive T-07 Excavator | -6/Zion | Archive C-57 Dissector | -6/Zion | Archive R-10 Processor | -2/Protoforge | Archive Fabricated ------------ Q-thruster | x2 | -6/Factory | Preloaded Lrg. Storage Unit | x1 | -4/Factory Repaired ---------- Lgt. Treads | 55% | -10/Materials Lgt. Treads | 53% | -10/Materials Lgt. Assault Rifle | 28% | -10/Materials Lgt. Armor Plating | 38% | -10/Materials Hrd. Medium Armor Plating | 70% | -9/Materials Hrd. Medium Armor Plating | 18% | -9/Materials Imp. Assault Rifle | 5% | -9/Materials | Broken VTOL Module | 60% | -6/Factory Impulse Thruster Array | 65% | -5/Factory Nuclear Pulse Thruster | 50% | -5/Factory Lgt. Fission Core | 36% | -5/Factory Imp. Light Armor Plating | 50% | -4/Factory Lgt. Fission Core | 25% | -4/Factory Alien Tech Used ----------------- Integrated Dissipator Sigix Broadsword Dimensional Node Initializer Transdimensional Reconstructor Subatomic Replicator Supercharged TR High-powered Transdimensional Reconstructor Achievements -------------- Commander 0b11 Challenges ------------ None Game ------ Seed HellfireTransmissionPurifier Manual? 0 Play Time 08:32:00 Cumulative 242.2 hours Start 2025.06.29 @ 02:30:02 End 2025.06.30 @ 22:23:53 Sessions 16 Manual Loads 0 Difficulty Rogue Special Mode None Game No. 102 Rogue 102 Adventurer 0 Explorer 0 Win Type 1 Total 13 Types 1/1/7/0/0/1/2/0/0/1 Lore% 72 Gallery% 67 Achievement% 68 Wizard Run 0 Options --------- Layout 1 ASCII 0 Keyboard 0 Movement Arrows Keybinds 0 Fullscreen 2 Font 24/Terminus Map View 50x35 Zoom Use 0% Tactical HUD 1 Map Filters NONE Filters NONE Steam 1 RUN: 36708cc9-be4d-4040-81b1-19176551e646